Cogmind - Beta 16.1 @@@ ROGUE MODE // 2026.02.20 @ 04:45:30 Player: +Jones Result: Escaped! Performance ------------- Evolutions (9) 4500 Regions Visited (31) 6200 Robots Destroyed (249) 1245 Value Destroyed (14344) 14344 Prototype IDs (58) 1160 Alien Tech Used (0) 0 Bonus (18796) 18796 TOTAL SCORE: 46245 Bonus ------- Triggered High Security 500 High Alert Combat Kills 2314 Follower Combat Kills 6825 Entered Garrisons 600 Entered DSFs 1000 Network Hubs Disabled 200 Met Data Miner 300 Acquired ECA 300 Met Warlord at Base 500 MAIN.C Attacked Warlord 500 Warlord Defense Kills 636 Built Enhanced Grunts 300 A7 Reached Mainframe 300 Met Warlord at Research 2000 Win 3000 Friendly Fire -479 Cogmind --------- Core Integrity 1403/1600 Matter 219/300 Energy 301/440 System Corruption 0% Temperature Cool (14) Movement Treading (160) Location To Epsilon Eridani Parts ------- > --- POWER (2) -------- Quantum Reactor Light Quantum Reactor > --- PROPULSION (6) --- Improved Heavy Treads Improved Heavy Treads Advanced Heavy Siege Treads > --- UTILITY (11) ----- Advanced Cooling System Huge Storage Unit Advanced Signal Interpreter Experimental Core Analyzer Advanced Kinecellerator Advanced Transmission Jammer Experimental Cloaking Device Centrium Medium Armor Plating Advanced Hacking Suite Ghost Barrier Improved Corruption Screen > --- WEAPON (6) ------- KE Penetrator KE Penetrator KE Penetrator Railgun Linear Accelerator Graviton Cannon > --- INVENTORY (25) --- Light Quantum Reactor Vortex Chain Reactor Advanced Heavy Siege Treads Heavy Shield Leg Experimental Energy Well (600) Matter Compressor (250) Layered Heavy Armor Plating Advanced Force Field Point Defense System Advanced Hacking Suite Long-range Tractor Beam Drone Bay (2/2) Vortex Driver (30) Railgun Helical Railgun Linear Accelerator Linear Accelerator Gamma Bomb Array Advanced Remote Datajack Peak State ------------ > --- POWER ------------ Particle Reactor Quantum Reactor > --- PROPULSION ------- Heavy Shield Leg Heavy Shield Leg Heavy Shield Leg > --- UTILITY ---------- Advanced Cooling System Huge Storage Unit Advanced Signal Interpreter Advanced Terrain Scanner Experimental Core Analyzer Experimental Core Analyzer Advanced Kinecellerator Experimental Cloaking Device Centrium Medium Armor Plating Tower Shield > --- WEAPON ----------- Railgun Advanced KE Penetrator Helical Railgun Helical Railgun Helical Railgun Graviton Cannon > --- INVENTORY -------- Vortex Chain Reactor Heavy Shield Leg Heavy Shield Leg Heavy Shield Leg Heavy Shield Leg Experimental Energy Well Matter Compressor Advanced Transmission Jammer Layered Heavy Armor Plating Advanced Hacking Suite Ghost Barrier Improved Corruption Screen Long-range Tractor Beam Vortex Driver KE Penetrator Helical Railgun Gamma Bomb Array [Rating: 226] Favorites ----------- Power Quantum Reactor Engine Reinforced Deuterium Engine Power Core Reinforced Fission Core Reactor Quantum Reactor Propulsion Armored Huge Wheel Treads Improved Heavy Treads Leg Heavy Shield Leg Wheel Armored Huge Wheel Utility Advanced Signal Interpreter Device Advanced Cooling System Storage Huge Storage Unit Processor Advanced Signal Interpreter Hackware Hacking Suite Protection Centrium Medium Armor Plating Weapon KE Penetrator Energy Gun Medium Laser Energy Cannon Heavy Phase Cannon Ballistic Gun KE Penetrator Ballistic Cannon Graviton Cannon Launcher Heavy Missile Launcher Special Weapon Mining Laser Impact Weapon Flail Slashing Weapon Phasing Sabre Piercing Weapon Lance Special Melee Weapon 1B-0RG's Assimilator Build | -11 -10 -10 -8 -8 -8 -8 -8 -8 -7 -7 -7 -7 -6 -6 -6 -5 -5 -5 -5 -5 -5 -4 -4 -4 -4 -4 -4 -3 -3 -2 -1 ------- Run | Yrd Mat Sub Mat Gar Mat Gar Mat Gar Fac Low Low Dat Pro Fac DSF Fac Was Fac Upp Upp War Pro Fac Ext Cet Arc Hub Res DSF Res Acc Slots Evolved 18 | . . . 4 . . . . . 2 . . . . 2 . 2 . . . . . . 2 . . . . 2 . 2 2 Power 1 | . . . . . . . . . . . . . . . . 1 . . . . . . . . . . . . . . . Propulsion 4 | . . . . . . . . . 1 . . . . 1 . . . . . . . . . . . . . 2 . . . Utility 9 | . . . . . . . . . 1 . . . . 1 . 1 . . . . . . 2 . . . . . . 2 2 Weapon 4 | . . . 4 . . . . . . . . . . . . . . . . . . . . . . . . . . . . Parts Attached 231 | 7 10 6 9 6 2 3 . 5 3 1 3 . . 2 4 5 2 40 5 2 14 5 14 23 7 3 2 . 8 17 23 Power 29 | 1 1 . 2 . . . . 1 . . 1 . . . . 2 2 4 . . . 1 2 5 1 1 . . . 1 4 Engine 10 | 1 1 . 2 . . . . 1 . . 1 . . . . 1 . 3 . . . . . . . . . . . . . Core 6 | . . . . . . . . . . . . . . . . 1 . 1 . . . 1 . 3 . . . . . . . Reactor 13 | . . . . . . . . . . . . . . . . . 2 . . . . . 2 2 1 1 . . . 1 4 Propulsion 36 | 2 2 2 . . 1 1 . . 1 . . . . . 2 . . 4 . . . 3 2 5 1 . . . 5 1 4 Treads 14 | 2 2 . . . . . . . . . . . . . . . . 1 . . . 1 . 1 1 . . . 2 . 4 Leg 4 | . . . . . . . . . . . . . . . . . . . . . . . . . . . . . 3 1 . Wheel 18 | . . 2 . . 1 1 . . 1 . . . . . 2 . . 3 . . . 2 2 4 . . . . . . . Hover . | . . . . . . . . . . . . . . . . . . . . . . . . . . . . . . . . Flight . | . . . . . . . . . . . . . . . . . . . . . . . . . . . . . . . . Utility 82 | 2 4 1 2 2 1 1 . 3 1 1 1 . . 2 2 3 . 17 2 . 8 . 3 5 2 . 2 . 3 8 6 Device 38 | 1 3 . 1 . . . . . . 1 . . . 1 . 1 . 11 2 . 4 . 2 3 . . 1 . 2 3 2 Storage 8 | 1 1 1 . . . 1 . 1 . . . . . . 1 . . . . . 1 . . . . . . . 1 . . Processor 13 | . . . . . . . . . 1 . . . . . . . . 2 . . 3 . 1 1 . . . . . 4 1 Hackware 12 | . . . 1 . 1 . . . . . . . . 1 . 2 . 3 . . . . . 1 . . 1 . . . 2 Protection 11 | . . . . 2 . . . 2 . . 1 . . . 1 . . 1 . . . . . . 2 . . . . 1 1 Artifact . | . . . . . . . . . . . . . . . . . . . . . . . . . . . . . . . . Weapon 84 | 2 3 3 5 4 . 1 . 1 1 . 1 . . . . . . 15 3 2 6 1 7 8 3 2 . . . 7 9 Energy Gun 10 | 2 . 1 . . . . . . . . . . . . . . . 3 . 1 . . . 2 1 . . . . . . Energy Cannon 4 | . . . . 1 . . . . . . 1 . . . . . . . 1 . 1 . . . . . . . . . . Ballistic Gun 35 | . 1 2 . . . 1 . . . . . . . . . . . 5 . 1 . . 5 5 2 2 . . . 6 5 Ballistic Cannon 10 | . . . . . . . . . . . . . . . . . . 4 1 . . . 1 . . . . . . 1 3 Launcher 7 | . . . . 2 . . . . 1 . . . . . . . . 2 . . 1 . . . . . . . . . 1 Special Weapon 5 | . 2 . . . . . . . . . . . . . . . . . . . 2 . 1 . . . . . . . . Impact Weapon 1 | . . . 1 . . . . . . . . . . . . . . . . . . . . . . . . . . . . Slashing Weapon 8 | . . . 2 1 . . . 1 . . . . . . . . . 1 1 . 1 . . 1 . . . . . . . Piercing Weapon 2 | . . . . . . . . . . . . . . . . . . . . . 1 1 . . . . . . . . . Special Melee Weapon 2 | . . . 2 . . . . . . . . . . . . . . . . . . . . . . . . . . . . Unidentified Prototypes 28 | . . . 1 . . . . . 1 . . . . . . . . 1 . . 11 . . . 4 . . . 1 8 1 Parts Lost 42 | . 2 1 1 . 1 . . 1 . . . . . . . . . 11 . . . 4 3 9 . . 1 . 2 1 5 Power 6 | . 1 . . . . . . . . . . . . . . . . 1 . . . 1 . 2 . . . . . . 1 Propulsion 9 | . . . . . 1 . . . . . . . . . . . . 2 . . . 1 3 1 . . . . . . 1 Utility 9 | . 1 . 1 . . . . . . . . . . . . . . 2 . . . . . . . . 1 . 1 1 2 Weapon 18 | . . 1 . . . . . 1 . . . . . . . . . 6 . . . 2 . 6 . . . . 1 . 1 Highest Loss Streak 8 | . 1 1 1 . 1 . . 1 . . . . . . . . . 7 . . . 3 3 8 . . 1 . 1 1 2 To Critical Strikes 2 | . . . . . . . . . . . . . . . . . . . . . . . . 2 . . . . . . . Average Backups 18 | 1 10 12 18 18 18 18 18 17 16 18 18 18 18 16 18 20 21 20 22 22 22 21 21 20 19 19 20 20 19 17 18 Power . | . . . . . . . 1 . . . . . . . . . . . . . . 1 1 1 1 1 1 1 1 1 2 Propulsion 3 | . 4 4 4 5 4 4 4 4 3 4 4 4 4 3 2 3 3 2 2 2 1 . 1 . . 1 1 1 1 3 3 Utility 9 | . 2 4 7 8 9 8 7 7 8 7 7 8 8 8 10 10 10 11 14 14 14 15 14 15 14 14 14 14 13 9 7 Weapon 3 | . 2 2 5 4 4 4 5 4 4 5 4 4 4 4 4 4 5 4 3 3 3 3 3 2 2 2 3 3 3 3 4 Tool/Special . | . . . . . . . . . . . . . . . . . . . . . . . . . . . . . . . . Unused Backups 55 | . 2 . 4 1 . . . 3 1 . 1 . . . 2 . . 5 . . 4 . 4 3 4 . . . 2 3 16 Power 4 | . . . . . . . . . . . . . . . . . . . . . . . 1 . . . . . . . 3 Propulsion 13 | . . . 1 . . . . 2 . . . . . . 2 . . . . . . . . 1 . . . . 1 . 6 Utility 25 | . 2 . 2 . . . . . . . . . . . . . . 3 . . 4 . 3 2 2 . . . . 1 6 Weapon 8 | . . . 1 1 . . . . 1 . 1 . . . . . . . . . . . . . 2 . . . . 2 . Tool/Special 5 | . . . . . . . . 1 . . . . . . . . . 2 . . . . . . . . . . 1 . 1 Average Slot Usage (%) 76 | . 97 100 62 63 63 63 63 62 59 61 61 61 61 64 62 60 64 75 87 87 87 71 79 80 93 94 94 85 85 85 87 Engine 4 | . 13 14 9 9 9 9 9 9 7 7 7 7 7 6 6 8 3 2 . . . . . . . . . . . . . Core 1 | . . . . . . . . . . . . . . . . . 3 1 5 5 5 8 5 2 . . . . . . . Reactor 3 | . . . . . . . . . . . . . . . . . 3 5 5 5 5 . 4 5 9 10 10 9 9 8 7 Treads 3 | . 28 20 . . . . . . . . . . . . . . . . . . . . . 1 5 5 5 4 4 . 10 Wheel 10 | . . 7 18 18 18 18 18 18 15 15 15 15 15 20 15 11 11 10 11 11 11 13 14 9 9 10 10 9 6 . . Device 8 | . 12 14 7 . . . . . 3 2 6 7 7 8 1 4 11 7 10 11 11 5 14 10 10 10 6 4 4 16 16 Storage 7 | . 14 14 9 9 9 11 18 11 7 11 7 7 7 6 10 7 5 5 5 5 5 5 5 5 5 5 5 4 4 4 4 Processor 8 | . . . . . . . . . 2 7 7 7 7 6 6 5 5 8 11 11 10 17 15 20 17 15 15 14 14 13 13 Hackware 1 | . . . . . 4 6 . . . . . . . 2 6 5 5 3 . . . . . . . . 4 4 3 . 7 Protection 1 | . . . . 9 4 . . 6 7 . . . . . . 2 . 1 . . . . . . 3 5 3 4 3 3 2 Energy Gun 2 | . 22 21 . . . . . . . . . . . . . . . 1 . . . . . 1 . . . . . . . Ballistic Gun 9 | . . . 1 . . 1 9 1 1 . . . . . 1 . . 6 18 21 22 11 9 13 25 26 26 23 23 21 18 Ballistic Cannon 1 | . . . . . . . . . . . . . . . . . . 6 8 1 . . 2 . . . . . . 2 5 Slashing Weapon 3 | . . . 5 7 . 4 . 3 4 6 6 7 . . 4 5 1 4 4 4 4 5 4 5 4 5 5 4 4 . . Special Melee Weapon 3 | . . . 9 9 9 9 9 9 7 7 7 7 7 6 6 5 5 1 . . . . . . . . . . . . . Peak Build Rating 226 | 7 10 23 86 91 91 89 88 91 102 102 103 102 103 109 110 126 130 131 95 95 111 104 132 132 144 148 148 144 174 208 226 Average Rating 107 | 5 8 12 83 87 89 88 87 88 97 99 101 102 102 108 108 118 127 90 93 94 99 85 109 109 139 145 142 144 152 194 204 On Entrance 100 | . 7 8 23 84 91 89 88 88 90 101 98 102 102 103 107 110 125 130 91 93 95 104 83 132 127 144 147 144 144 168 208 Avg Prop Armor Cover (%) 9 | . . 12 . . . . . . . . . . . . . . . . . 5 . 16 . 10 8 8 9 8 10 . . Naked Turns . | . . . . . . . . . . . . . . . . . . . . . . . . . . . . . . . . Heaviest Build 193 | 14 29 50 114 120 120 119 120 125 123 123 126 120 122 122 158 182 180 184 158 161 180 131 178 178 170 177 177 175 175 178 193 Greatest Support 230 | 40 40 40 24 24 24 24 24 24 40 40 40 40 40 52 56 56 56 56 56 56 56 54 54 58 80 32 32 32 180 180 230 Greatest Overweight (x) 11 | . . 4 4 4 4 4 4 5 5 3 3 2 3 2 4 3 3 3 2 5 3 11 11 9 9 5 5 5 5 . 2 Average Overweight (x) 2 | . . 1 4 4 4 4 4 4 3 2 2 2 3 2 2 2 3 2 2 2 2 2 2 4 4 5 4 5 1 . . Largest Inventory Capacity 25 | 8 15 20 20 20 20 20 20 20 20 20 20 20 20 20 25 25 25 25 25 25 25 25 25 25 25 25 25 25 25 25 25 Average Capacity 22 | 7 12 17 20 20 20 20 20 20 20 20 20 20 20 20 22 25 25 25 25 25 25 25 25 25 25 25 25 25 25 25 25 Most Carried 25 | 3 15 20 20 20 20 20 20 20 20 20 20 20 20 19 25 25 25 25 25 25 25 25 25 25 25 24 25 24 25 25 25 Average Carried 21 | 1 10 14 19 19 19 19 20 19 17 19 19 20 20 18 22 24 25 23 24 24 24 24 24 24 23 23 24 24 23 24 24 Final Capacity 25 | 8 15 20 20 20 20 20 20 20 20 20 20 20 20 20 25 25 25 25 25 25 25 25 25 25 25 25 25 25 25 25 25 Final Carried 25 | 3 13 17 20 20 20 20 20 19 20 20 20 20 20 18 25 25 25 25 24 25 25 25 24 25 23 24 24 24 25 25 23 Class Distribution -------------------- 46% | Mutant 20% | Scavenger-Executioner 9% | Assassin 8% | Scavenger-Mutant 6% | Executioner Dominant Class ---------------- Mutant | -10/Materials Scavenger-Mutant | -10/Subcaves Mutant | -8/Materials Mutant | -8/Garrison Mutant | -8/Materials Mutant | -8/Garrison Mutant | -8/Materials Mutant | -8/Garrison Mutant | -7/Factory Mutant | -7/Lower Caves Mutant | -7/Lower Caves Mutant | -7/Data Miner Mutant | -6/Proximity Caves Mutant | -6/Factory Mutant | -6/DSF Mutant | -5/Factory Mutant | -5/Waste Scavenger-Mutant | -5/Factory Assassin | -5/Upper Caves Assassin | -5/Upper Caves Assassin | -5/Warlord Scavenger-Mutant | -4/Proximity Caves Scavenger-Assassin | -4/Factory Mutant | -4/Extension Scavenger-Executioner | -4/Cetus Commander-Executioner | -4/Archives Commander-Executioner | -4/Hub_04(d) Scavenger-Executioner | -3/Research Scavenger-Executioner | -3/DSF Scavenger-Executioner | -2/Research Scavenger-Executioner | -1/Access Resources | -11 -10 -10 -8 -8 -8 -8 -8 -8 -7 -7 -7 -7 -6 -6 -6 -5 -5 -5 -5 -5 -5 -4 -4 -4 -4 -4 -4 -3 -3 -2 -1 ----------- Run | Yrd Mat Sub Mat Gar Mat Gar Mat Gar Fac Low Low Dat Pro Fac DSF Fac Was Fac Upp Upp War Pro Fac Ext Cet Arc Hub Res DSF Res Acc Matter Collected 23553 | 254 733 55 2367 2196 62 1116 51 1469 . 1100 878 . 110 . 1029 842 83 2039 637 242 774 94 261 1435 238 41 153 . 698 432 4164 Remotely 1672 | . . . . . . . . . . . . . . . . . . . . . . . . . . . . . 287 . 1385 Salvage Created 13468 | 148 818 96 434 549 . 436 . 105 . 108 40 . 33 . . 261 318 1044 492 385 478 79 486 1662 197 . 274 . 1091 . 3934 Parts 624 | 9 53 4 25 25 . 10 . 4 . 4 3 . 3 . . 11 1 53 20 18 24 4 17 71 10 . 29 . 30 . 196 Haulers Intercepted 4 | . 2 . . . . . . . . . . . . . . . . 1 . . . . . 1 . . . . . . . Recyclers Shooed 5 | . 3 . . . . . . . . . . . . . . . . 1 . . . . . 1 . . . . . . . Parts Field Recycled 3 | . . . . . . . . . . . . . . . . . . 3 . . . . . . . . . . . . . Retrieved Matter 23 | . . . . . . . . . . . . . . . . . . 23 . . . . . . . . . . . . . Parts Self-Destructed 50 | . . 2 . . . . . . . 14 10 . 6 . . . . . 6 11 . 1 . . . . . . . . . Prevented 17 | . . . . . . . . . . . . . . . . . . . 8 9 . . . . . . . . . . . Parts Restored . | . . . . . . . . . . . . . . . . . . . . . . . . . . . . . . . . Kills | -11 -10 -10 -8 -8 -8 -8 -8 -8 -7 -7 -7 -7 -6 -6 -6 -5 -5 -5 -5 -5 -5 -4 -4 -4 -4 -4 -4 -3 -3 -2 -1 ------- Run | Yrd Mat Sub Mat Gar Mat Gar Mat Gar Fac Low Low Dat Pro Fac DSF Fac Was Fac Upp Upp War Pro Fac Ext Cet Arc Hub Res DSF Res Acc Combat Hostiles Destroyed 169 | . 16 2 4 12 . 5 . 3 . . . . 1 . . . 1 15 6 6 5 3 6 16 3 . 1 . 9 . 55 Melee 9 | . . . 4 3 . . . . . . . . . . . . . 1 . . 1 . . . . . . . . . . Guns 93 | . 15 2 . . . . . . . . . . . . . . . 2 2 3 4 . 3 15 3 . 1 . 9 . 34 Cannons 22 | . . . . . . 1 . . . . . . . . . . . 8 . . . 2 . . . . . . . . 11 AOE 43 | . . . . 9 . 4 . 3 . . . . 1 . . . 1 4 4 2 . 1 3 1 . . . . . . 10 Classes Destroyed 23 | 2 5 1 2 2 . . . 1 . 1 . . . . . 1 1 2 1 . 2 1 . . . . . . 1 . . Worker 17 | . 1 . 1 . . . . . . . . . . . . . . 1 . . . . 1 2 . . 6 . . . 5 Builder 12 | . . . 1 . . . . . . . . . . . . . . 2 . . . . 1 . . . 3 . . . 5 Tunneler 10 | 5 2 . . . . . . . . . . . . . . . . 2 . . . . . . . . 1 . . . . Hauler 5 | . 2 . . 1 . . . . . . . . . . . . . 1 . . . . . 1 . . . . . . . Recycler 15 | 1 3 . 3 . . . . . . . . . . . . 1 . 2 . . . . 1 2 . . . . . . 2 Minesweeper 1 | . . . . . . . . . . . . . . . . . . . . . . 1 . . . . . . . . . Operator 2 | . . . 1 . . . . . . . . . . . . . . 1 . . . . . . . . . . . . . Watcher 12 | . 2 . 2 . . . . . . . . . . . . . . . . . . . . 2 . . . . . . 6 Swarmer 41 | . 9 . 2 3 . . . . . . . . . . . . . 6 . 5 . . . . . . . . . . 16 Saboteur 1 | . . . . . . . . . . . . . . . . . . . . . 1 . . . . . . . . . . Grunt 55 | . 7 . 2 7 . 5 . 2 . . . . 1 . . . . 2 5 . 2 1 4 6 . . . . 3 . 8 Brawler 2 | . . . . 1 . . . . . . . . . . . . . . . . . . . . . . . . . . 1 Duelist 1 | . . . . . . . . 1 . . . . . . . . . . . . . . . . . . . . . . . Sentry 12 | . . . . 1 . . . . . . . . . . . . . 1 . . . . . 5 . . 1 . . . 4 Specialist 5 | . . . . . . . . . . . . . . . . 2 . . . . . . . . . . . . 3 . . Hunter 19 | . . . . . . . . . . . . . . . . . . 1 . 1 1 2 2 3 . . . . 2 . 7 Programmer 24 | . . . . . . . . . . . . . . . . . . 5 . . . . . . . . . . . . 19 Heavy 1 | . . . . . . . . . . . . . . . . . . . . . . . . . . . . . 1 . . Compactor 1 | . . . . . . . . . . . . . . . . . 1 . . . . . . . . . . . . . . Cetus Guard 3 | . . . . . . . . . . . . . . . . . . . . . . . . . 3 . . . . . . Executioner 1 | . . . . . . . . . . . . . . . . . . . . . 1 . . . . . . . . . . Subdweller 2 | . . 2 . . . . . . . . . . . . . . . . . . . . . . . . . . . . . Packrat 1 | . . . . . . . . . . . . . . . . . . . . 1 . . . . . . . . . . . Samaritan 6 | . . . . . . . . . . 2 1 . . . . . . . 1 2 . . . . . . . . . . . Thug 3 | . . . . . . . . . . . . . . . . . . . . . 2 . . 1 . . . . . . . Savage 2 | . . . . . . . . . . . . . . . . . . . . . . . . 1 . . . . 1 . . Guerrilla 1 | . . . . . . . . . . . . . . . . . . . . . . . . 1 . . . . . . . Mutant 1 | . . . . . . . . . . . . . . . . . . . 1 . . . . . . . . . . . . Best Kill Streak 10 | 2 5 2 3 8 . 3 . 3 . . . . 1 . . 1 1 7 6 5 2 4 7 3 3 . 4 . 3 . 10 Combat Bots Only 10 | . 5 2 2 8 . 3 . 3 . . . . 1 . . . 1 6 6 5 2 4 6 3 3 . 1 . 3 . 10 Max Kills in Single Turn 6 | 1 1 1 1 3 . 2 . 2 . 1 1 . 1 . . 1 1 2 2 2 2 1 1 2 1 . 2 . 1 . 6 Gunslinging 1 | . . . . . . . . . . . . . . . . . . . . . 1 . . 1 . . . . . . 1 Exploded 6 | . . . . 3 . 2 . 2 . . . . 1 . . . 1 2 2 2 . 1 1 1 . . . . . . 6 Melee 1 | . . . 1 1 . . . . . . . . . . . . . 1 . . 1 . . . . . . . . . . Uniques/NPCs Destroyed . | . . . . . . . . . . . . . . . . . . . . . . . . . . . . . . . . Combat | -11 -10 -10 -8 -8 -8 -8 -8 -8 -7 -7 -7 -7 -6 -6 -6 -5 -5 -5 -5 -5 -5 -4 -4 -4 -4 -4 -4 -3 -3 -2 -1 -------- Run | Yrd Mat Sub Mat Gar Mat Gar Mat Gar Fac Low Low Dat Pro Fac DSF Fac Was Fac Upp Upp War Pro Fac Ext Cet Arc Hub Res DSF Res Acc Hostile Shots Fired 1156 | . 82 13 45 18 2 19 . 18 . 2 10 . 18 . 21 14 . 177 8 24 61 23 127 64 7 4 12 . 132 5 250 Missed 339 | . 24 2 13 5 . 8 . 9 . 1 2 . 9 . 6 3 . 45 2 10 23 10 38 10 1 3 3 . 48 2 62 Deflected 1 | . . . . . . . . . . . . . . . . . . . . . . . . . . . . . . 1 . Hits 817 | . 58 11 32 13 2 11 . 9 . 1 8 . 9 . 15 11 . 132 6 14 38 13 89 54 6 1 9 . 84 3 188 Melee 4 | . . . . . . . . . . . . . . . . . . 3 . . 1 . . . . . . . . . . Projectile 813 | . 58 11 32 13 2 11 . 9 . 1 8 . 9 . 15 11 . 129 6 14 37 13 89 54 6 1 9 . 84 3 188 AOE 3 | . . . . 1 . . . 1 . . . . . . . . . . . . . . . . . . . . . 1 . Critical Strikes 36 | . 2 . 3 1 2 . . 1 . . . . . . 1 . . 8 . . . . 5 3 1 . 2 . 3 . 4 Part Disruptions 3 | . . . . . . . . . . . . . . . . . . 1 . 1 . . . . . . . . . . 1 Damage Taken 15876 | . 555 260 532 415 83 335 94 563 . 44 224 . 185 . 267 353 38 2497 295 237 742 227 1142 758 80 12 247 59 1122 116 4394 Core 1741 | . 66 19 82 54 13 73 . 169 . 18 8 . 54 . 64 141 14 362 20 23 162 45 89 24 27 . . . 17 . 197 Absorbed by Shields 1459 | . . . . . . . . . . . . . . . . . . 381 . . 17 . 338 481 75 11 41 58 57 . . Reduced by Siege Mode 425 | . . . . . . . . . . . . . . . . . . . . . . . . 6 . . . . 25 . 394 Redirected to Shielding 9 | . . . . 4 5 . . . . . . . . . . . . . . . . . . . . . . . . . . Regen/Repaired (Parts) 1156 | . . . 211 188 16 141 . 127 . 26 163 . . . 32 72 9 30 . . 122 . . . . . . . . 19 . Core Remaining (%) 76 | 100 . 66 . . . . . 28 . . . . 88 . 92 . . . . . . 23 . . . . 87 . 98 100 87 Volleys Fired 645 | 14 108 12 19 21 7 37 3 23 . . 4 . 4 . . . 4 55 26 14 15 5 13 39 5 1 8 . 22 15 171 Largest 6 | 2 2 2 1 1 1 1 1 1 . . 1 . 1 . . . 1 5 6 4 4 1 5 5 5 5 5 . 5 6 6 Hottest 293 | 90 100 100 100 85 85 85 36 85 . . 90 . 36 . . . 36 246 263 136 136 . 175 194 146 171 171 . 171 237 293 Shots Fired 1492 | 28 195 18 19 21 7 37 3 23 . . 4 . 4 . . . 4 114 39 26 60 5 41 149 19 5 39 . 110 28 494 Gun 1052 | 28 174 12 5 . . 12 2 4 . . . . . . . . . 40 10 14 60 . 35 141 19 5 39 . 110 14 328 Cannon 323 | . . . . 2 7 20 . 14 . . 4 . . . . . . 70 24 6 . . . . . . . . . 14 162 Launcher 71 | . . . . 19 . 5 1 5 . . . . 4 . . . 4 4 5 6 . . 6 8 . . . . . . 4 Special 46 | . 21 6 14 . . . . . . . . . . . . . . . . . . 5 . . . . . . . . . Kinetic 1091 | . 16 . 5 4 . 12 2 4 . . . . . . . . . 98 17 14 60 . 35 133 19 5 39 . 110 28 490 Thermal 324 | 28 179 18 14 2 7 20 . 14 . . 4 . . . . . . 7 17 6 . . . 8 . . . . . . . Explosive 57 | . . . . 15 . 5 1 5 . . . . 4 . . . 4 4 . . . 5 6 8 . . . . . . . Electromagnetic 20 | . . . . . . . . . . . . . . . . . . 5 5 6 . . . . . . . . . . 4 Robot Hit Streak 43 | 10 14 8 6 6 7 2 2 . . . . . 3 . . . 5 8 2 2 8 2 7 13 15 4 3 . 15 6 43 Robot Miss Streak 9 | 1 4 1 5 . 1 2 . 1 . . . . . . . . . 4 1 2 3 1 2 5 1 1 3 . 3 4 9 Penetration Max 2 | . . . . . . 2 . . . . . . . . . . . 1 . 1 2 . 1 2 1 . 2 . 1 . 1 Secondary Targets 23 | . . 1 . . . . . . . . . . . . . . . . . . 3 . 2 5 . . . . 2 . 10 Max Gunslinging Chain 1 | . . 1 . . . . . . . . . . . . . . . . . . 1 . 1 1 . . . . 1 . 1 Shots Hit Robots 794 | 19 109 10 24 19 1 17 1 . . 5 1 . 3 . . 15 2 59 6 10 39 5 31 74 14 3 14 . 58 4 251 Core Hits 527 | 7 40 5 12 24 . 18 . 6 . 2 1 . 11 . . 3 6 29 9 10 17 7 32 62 8 . 16 . 37 4 161 Critical Kills 31 | . . . . . . . . . . . . . . . . . . 2 1 3 4 . 1 11 1 . 2 . 3 . 3 Critical Parts Destroyed 42 | . . . 1 . . . . . . . . . . . . . . 4 . . 10 . 5 8 2 1 . . 5 . 6 Critical Strikes 98 | 3 4 1 2 2 . . . . . 1 . . . . . . . 9 1 3 14 1 6 21 3 1 3 . 8 . 15 Burn 8 | 3 4 1 . . . . . . . . . . . . . . . . . . . . . . . . . . . . . Destroy 74 | . . . . . . . . . . . . . . . . . . 6 1 3 14 . 6 20 3 1 3 . 8 . 9 Blast 9 | . . . . . . . . . . . . . . . . . . 3 . . . . . . . . . . . . 6 Smash 1 | . . . 1 . . . . . . . . . . . . . . . . . . . . . . . . . . . . Sever 6 | . . . 1 2 . . . . . 1 . . . . . . . . . . . 1 . 1 . . . . . . . Melee Attacks 274 | . . . 52 48 . 35 . 12 1 11 3 . . . 2 18 . 27 15 10 3 9 14 8 . . 6 . . . . Impact 7 | . . . 7 . . . . . . . . . . . . . . . . . . . . . . . . . . . . Slashing 265 | . . . 43 48 . 35 . 12 1 11 3 . . . 2 18 . 27 15 10 3 9 14 8 . . 6 . . . . Piercing . | . . . . . . . . . . . . . . . . . . . . . . . . . . . . . . . . Sneak Attacks 57 | . . . 10 2 . . . . . 5 1 . . . . 14 . 7 2 5 . 1 2 4 . . 4 . . . . Combat Hostiles . | . . . . . . . . . . . . . . . . . . . . . . . . . . . . . . . . Follow-up Attacks . | . . . . . . . . . . . . . . . . . . . . . . . . . . . . . . . . Damage Inflicted 33421 | 225 1287 121 977 1977 29 1656 47 357 . 349 62 . 512 . . 706 863 2976 510 662 624 930 1533 2706 374 71 1444 . 2166 171 10086 Guns 15470 | 225 1287 121 84 . . 93 14 . . . . . . . . . . 421 55 37 624 . 404 1709 374 71 546 . 2166 171 7068 Cannons 3400 | . . . . . 29 30 . . . . . . . . . . . 1430 . . . . . . . . . . . . 1911 Explosions 8685 | . . . . 1302 . 726 33 357 . . . . 512 . . . 863 445 270 229 . 643 971 646 . . 581 . . . 1107 Melee 5649 | . . . 893 675 . 807 . . . 349 62 . . . . 706 . 680 185 396 . 70 158 351 . . 317 . . . . Ramming . | . . . . . . . . . . . . . . . . . . . . . . . . . . . . . . . . Kinetic 17100 | . 76 . 84 103 . 93 14 . . . . . . . . . . 1758 55 37 624 . 404 1545 374 71 546 . 2166 171 8979 Thermal 1962 | 225 1211 121 . . 29 30 . . . . . . . . . . . . 25 . . . . 164 . . . . . . 157 Explosive 6565 | . . . . 1199 . 726 33 357 . . . . 512 . . . 863 445 . . . 643 864 646 . . . . . . 277 Electromagnetic 1928 | . . . . . . . . . . . . . . . . . . 93 245 229 . . 107 . . . 581 . . . 673 Impact 104 | . . . 104 . . . . . . . . . . . . . . . . . . . . . . . . . . . . Slashing 5762 | . . . 789 675 . 807 . . . 349 62 . . . . 706 . 680 185 396 . 287 158 351 . . 317 . . . . Piercing . | . . . . . . . . . . . . . . . . . . . . . . . . . . . . . . . . Highest Corruption 25 | . . . . . . . . 4 . . . . . . . . 20 25 14 14 14 . . . . . 3 1 1 4 . Average Corruption 13 | . . . . . . . . 4 . . . . . . . . 12 19 14 14 14 . . . . . 2 1 1 4 . Corruption Purged 11 | . . . . . . . . . . . . . . . . . . 11 . . . . . . . . . . . . . Corruption Blocked 13 | . . . . . . . . . . . . . . . . . . . . . . . . . . . . . . . 13 Effects 265 | . . . . . . . . 18 . . . . . . . . 10 113 70 45 2 . . . . . 3 . 4 . . Message Errors 54 | . . . . . . . . 5 . . . . . . . . 3 21 14 8 2 . . . . . 1 . . . . Matter Fused 63 | . . . . . . . . 3 . . . . . . . . 3 30 11 13 . . . . . . 1 . 2 . . Heat Flow Errors 30 | . . . . . . . . 2 . . . . . . . . . 15 10 2 . . . . . . . . 1 . . Energy Discharges 36 | . . . . . . . . 4 . . . . . . . . 2 14 9 6 . . . . . . . . 1 . . Parts Rejected 5 | . . . . . . . . . . . . . . . . . 1 3 1 . . . . . . . . . . . . Parts Fused 4 | . . . . . . . . 1 . . . . . . . . . 1 1 1 . . . . . . . . . . . Data Loss (minor) 26 | . . . . . . . . 1 . . . . . . . . . 8 9 8 . . . . . . . . . . . Data Loss (major) 16 | . . . . . . . . 1 . . . . . . . . 1 5 8 1 . . . . . . . . . . . Misfires 13 | . . . . . . . . . . . . . . . . . . 4 3 5 . . . . . . 1 . . . . Alerts 8 | . . . . . . . . 1 . . . . . . . . . 2 4 1 . . . . . . . . . . . Misdirections 5 | . . . . . . . . . . . . . . . . . . 5 . . . . . . . . . . . . . Weapon Failures 5 | . . . . . . . . . . . . . . . . . . 5 . . . . . . . . . . . . . Overload Shots . | . . . . . . . . . . . . . . . . . . . . . . . . . . . . . . . . Overflow Damage 1468 | . . . 256 82 . 60 13 . . 39 . . 6 . . 20 . 305 40 131 . 40 37 119 . . 172 . . . 148 Projectiles 185 | . . . . . . 14 . . . . . . . . . . . 92 . . . . . . . . . . . . 79 Explosions 367 | . . . . 47 . 14 13 . . . . . 6 . . . . 46 . . . 10 37 53 . . 72 . . . 69 Melee 916 | . . . 256 35 . 32 . . . 39 . . . . . 20 . 167 40 131 . 30 . 66 . . 100 . . . . Knockbacks 17 | . . . . . . . . . . . . . . . . . . 9 . . . . . . . . . . . . 8 Impact . | . . . . . . . . . . . . . . . . . . . . . . . . . . . . . . . . Kinetic 15 | . . . . . . . . . . . . . . . . . . 8 . . . . . . . . . . . . 7 Secondary 2 | . . . . . . . . . . . . . . . . . . 1 . . . . . . . . . . . . 1 Self-Inflicted Damage 330 | . . . . 107 . . . . . . . . . . . . 24 56 . 42 . . . . . . 101 . . . . Shots 7 | . . . . 2 . . . . . . . . . . . . 1 1 . 2 . . . . . . 1 . . . . Rammed . | . . . . . . . . . . . . . . . . . . . . . . . . . . . . . . . . Targets Rammed . | . . . . . . . . . . . . . . . . . . . . . . . . . . . . . . . . Kicked . | . . . . . . . . . . . . . . . . . . . . . . . . . . . . . . . . Crushed . | . . . . . . . . . . . . . . . . . . . . . . . . . . . . . . . . Highest Temperature 468 | 240 330 . 4 84 84 135 9 239 . . 84 . 12 . . . . 330 468 238 342 . 362 382 . 12 266 . 231 8 361 Average Temperature 88 | 93 69 . 3 20 36 48 7 63 . . 45 . 9 . . . . 97 131 88 155 . 109 112 . 8 121 . 46 5 78 Received Heat Transfer 2135 | . 171 42 261 84 54 105 21 138 . . 42 . 57 . 63 63 . 230 54 . 84 45 175 88 . . . . 88 . 270 Effects 15 | . 2 . . . . . . . . . . . . . . . . . 4 . 1 . 3 2 . . 1 . . . 2 Shutdowns 5 | . . . . . . . . . . . . . . . . . . . 1 . . . 2 1 . . . . . . 1 Energy Bleed 6 | . 1 . . . . . . . . . . . . . . . . . 1 . 1 . 1 1 . . 1 . . . . Interference 1 | . . . . . . . . . . . . . . . . . . . 1 . . . . . . . . . . . . Matter Decay 1 | . 1 . . . . . . . . . . . . . . . . . . . . . . . . . . . . . . Short Circuit 1 | . . . . . . . . . . . . . . . . . . . 1 . . . . . . . . . . . . Damage (minor) 1 | . . . . . . . . . . . . . . . . . . . . . . . . . . . . . . . 1 Siege Activations 18 | . . . . . . . . . . . . . . . . . . . . . . . . 2 . . . . 3 . 13 Total Turns 289 | . . . . . . . . . . . . . . . . . . . . . . . . 17 . . . . 46 . 226 Longest Duration 33 | . . . . . . . . . . . . . . . . . . . . . . . . 13 . . . . 17 . 33 Martial Activations . | . . . . . . . . . . . . . . . . . . . . . . . . . . . . . . . . Shielding Activations 1 | . . . . . . . . . . . . . . . . . . . . . . . . . . . . . . 1 . Total Turns 12 | . . . . . . . . . . . . . . . . . . . . . . . . . . . . . . 12 . Longest Duration 12 | . . . . . . . . . . . . . . . . . . . . . . . . . . . . . . 12 . Robots Disrupted . | . . . . . . . . . . . . . . . . . . . . . . . . . . . . . . . . Combat Hostiles . | . . . . . . . . . . . . . . . . . . . . . . . . . . . . . . . . Robots Corrupted 1 | . . . . . . . . . . . . . . . . . . . . 1 . . . . . . . . . . . Combat Hostiles 1 | . . . . . . . . . . . . . . . . . . . . 1 . . . . . . . . . . . Parts Fried 13 | . . . . . . . . . . . . . . . . . . 1 1 2 . . . . . . . . . . 9 Impact Corruptions 3 | . . . 3 . . . . . . . . . . . . . . . . . . . . . . . . . . . . Robots Melted 1 | . 1 . . . . . . . . . . . . . . . . . . . . . . . . . . . . . . Combat Hostiles 1 | . 1 . . . . . . . . . . . . . . . . . . . . . . . . . . . . . . Parts Melted 6 | 3 2 1 . . . . . . . . . . . . . . . . . . . . . . . . . . . . . Heat Transferred 5274 | 817 3566 408 . . 37 37 . . . . . . . . . . . . 50 . . . . 259 . . . . . . 100 Parts Sabotaged 4 | . . . . . . . . . . . . . . . . . . . . . 4 . . . . . . . . . . Parts Stolen . | . . . . . . . . . . . . . . . . . . . . . . . . . . . . . . . . Parts Stripped . | . . . . . . . . . . . . . . . . . . . . . . . . . . . . . . . . Power Chain Reactions 2 | . . . . . . . . . . . . . . . . . . . 1 . . . . . . . . . . . 1 Alert | -11 -10 -10 -8 -8 -8 -8 -8 -8 -7 -7 -7 -7 -6 -6 -6 -5 -5 -5 -5 -5 -5 -4 -4 -4 -4 -4 -4 -3 -3 -2 -1 ------- Run | Yrd Mat Sub Mat Gar Mat Gar Mat Gar Fac Low Low Dat Pro Fac DSF Fac Was Fac Upp Upp War Pro Fac Ext Cet Arc Hub Res DSF Res Acc Maximum Alert Level 5 | . . . 2 5 3 5 4 5 4 . . . . . 1 1 . 1 . . . . . 1 . . 3 2 2 1 5 Low Security (%) 60 | 100 100 . 70 . . . . . . . . . . 100 83 97 100 46 . . . . 100 97 100 100 90 . 1 94 45 Level 1 9 | . . . 3 8 . . . . . . . . . . 16 2 . 53 . . . . . 2 . . 7 88 54 5 3 Level 2 6 | . . . 26 29 . 6 . . . . . . . . . . . . . . . . . . . . . 11 43 . 3 Level 3 6 | . . . . 14 100 25 35 14 . . . . . . . . . . . . . . . . . . 1 . . . 16 Level 4 8 | . . . . 41 . 27 64 7 100 . . . . . . . . . . . . . . . . . . . . . 25 Level 5 7 | . . . . 5 . 40 . 77 . . . . . . . . . . . . . . . . . . . . . . . High Security . | . . . . . . . . . . . . . . . . . . . . . . . . . . . . . . . 4 Max Security . | . . . . . . . . . . . . . . . . . . . . . . . . . . . . . . . . Sterilizations 2 | . . . . . . . . . . . . . . . 1 . . . . . . . . . . . . . 1 . . Peak Influence 2382 | 10 151 . 581 1658 853 2193 1238 2382 1250 . . . . . 330 204 41 363 . . . . 187 218 198 142 764 400 422 231 1764 Initial 1250 | . . . . 302 807 554 1068 804 1250 . . . . . . 172 41 . . . . . . 83 48 2 34 400 240 231 . Average 424 | 1 72 . 186 979 807 1368 1156 1687 1219 . . . . . 134 154 11 224 . . . . 20 79 98 92 75 360 340 36 618 Influence Increases 15726 | 30 609 . 1259 1416 166 1669 190 1668 1 254 283 . 165 . 350 291 32 1441 327 155 130 75 286 1100 179 179 982 . 272 33 2184 Destroy 0b10 Robot/C 7260 | . 320 . 760 560 60 680 60 800 . 160 140 . 100 . 180 120 . 720 100 120 100 60 120 540 80 80 100 . 200 . 1100 Destroy 0b10 Robot/NC 490 | 30 50 . 55 10 10 20 . . . . . . . . 5 20 . 60 . . . 5 15 45 5 . 55 . 15 . 90 Destroy Leader 1130 | . 68 . 178 30 12 40 30 50 . 20 50 . 10 . 40 40 . 144 10 20 . 10 20 34 . . 32 . 30 . 262 Allied During Kill 2188 | . . . 128 199 37 334 51 320 . 74 93 . 55 . 107 93 . 93 7 . . . . 224 85 80 187 . 21 . . Successful Hack 212 | . 47 . 12 12 12 22 . 30 . . . . . . . . . 33 . . . . 2 . 9 . 12 . . . 21 Select Force Hacks 30 | . 30 . . . . . . . . . . . . . . . . . . . . . . . . . . . . . . Disable Machine 855 | . . . 30 60 30 90 45 30 . . . . . . 15 . . 75 . . . . 45 15 . 15 300 . . . 105 Anti-Garrison Action 1150 | . . . . 350 . 350 . 300 . . . . . . . . . . . . . . . . . . . . . . 150 Destroy Structure 1706 | . 19 . 36 165 5 133 4 138 1 . . . . . 3 18 32 136 . . . . 84 182 . 4 296 . 6 33 411 Partial Spotted 45 | . 15 . . . . . . . . . . . . . . . . 15 . . . . . . . . . . . . 15 Lose Combat Pursuer 660 | . 60 . 60 30 . . . . . . . . . . . . . 165 210 15 30 . . 60 . . . . . . 30 Influence Decreases 13962 | 30 481 128 794 223 971 329 1145 524 1202 960 485 273 165 . 20 502 151 1090 525 231 125 157 115 1183 262 85 317 444 180 445 420 Entered New Map 6245 | . . 62 . 163 851 299 1125 434 1132 438 91 273 . . . 158 78 . 131 30 77 82 . 88 40 3 65 364 80 181 . Time Decay 5785 | 30 461 56 514 . 110 . 20 . 70 482 374 . 145 . . 334 53 630 354 201 48 65 85 555 222 80 182 80 . 264 370 Lost Part 380 | . 20 10 10 . 10 . . 10 . . . . . . . . . 110 . . . 10 30 90 . . 10 . 20 . 50 Lost Ally 1102 | . . . 120 60 . 30 . 80 . 40 20 . 20 . 20 10 20 200 40 . . . . 300 . 2 60 . 80 . . Purge Threat 450 | . . . 150 . . . . . . . . . . . . . . 150 . . . . . 150 . . . . . . . Squads Dispatched 48 | . 1 . 9 . . . 1 . . . . . . . 2 1 . 5 . . . . 2 . . . 4 . 2 2 19 Investigation 3 | . 1 . 1 . . . . . . . . . . . . . . . . . . . . . . . . . . . 1 Extermination 14 | . . . . . . . . . . . . . . . . 1 . 4 . . . . 1 . . . 1 . . . 7 Reinforcement 14 | . . . 4 . . . . . . . . . . . 2 . . 1 . . . . 1 . . . 2 . 2 2 . Assault 9 | . . . . . . . . . . . . . . . . . . . . . . . . . . . . . . . 9 Garrison 8 | . . . 4 . . . 1 . . . . . . . . . . . . . . . . . . . 1 . . . 2 Intercept . | . . . . . . . . . . . . . . . . . . . . . . . . . . . . . . . . Searches Triggered . | . . . . . . . . . . . . . . . . . . . . . . . . . . . . . . . . Data Miner Redirects 2 | . . . . . . . . . . . . . . . . . . . . . . . . . . . . . . . 2 Construction Impeded 2 | . . . . . . . . . . . . . . . . . . . . . . . 1 . . . 1 . . . . Haulers Reinforced 2 | . . . . . . . . . . . . . . . . . . . . . . . . . . . . . . 2 . Active Scanning Responses . | . . . . . . . . . . . . . . . . . . . . . . . . . . . . . . . . Cargo Convoy Interrupts . | . . . . . . . . . . . . . . . . . . . . . . . . . . . . . . . . Stealth | -11 -10 -10 -8 -8 -8 -8 -8 -8 -7 -7 -7 -7 -6 -6 -6 -5 -5 -5 -5 -5 -5 -4 -4 -4 -4 -4 -4 -3 -3 -2 -1 --------- Run | Yrd Mat Sub Mat Gar Mat Gar Mat Gar Fac Low Low Dat Pro Fac DSF Fac Was Fac Upp Upp War Pro Fac Ext Cet Arc Hub Res DSF Res Acc Distress Signals 27 | . 1 . 4 . . 1 1 . . . . . . . . . . 1 . . 2 . 1 2 1 . 2 . . 9 2 Communications Jammed 23 | . . . . . . . . . . . . . . . . . . . . . . . . . . . . . . . 23 Distress Signals 18 | . . . . . . . . . . . . . . . . . . . . . . . . . . . . . . . 18 Times Spotted 507 | . 37 2 48 28 5 32 4 34 . 7 7 . 5 . 11 6 6 45 18 8 36 5 9 33 4 6 5 . 10 27 69 Peak Tracking Total 18 | . 5 2 5 8 2 5 3 8 . 2 3 . 4 . 3 3 2 5 6 5 18 3 6 6 5 1 7 . 3 6 7 Tactical Retreats 31 | . 3 . 4 1 . . . . . . . . . . . . . 8 7 1 2 . . 3 . . . . . . 2 Traps | -11 -10 -10 -8 -8 -8 -8 -8 -8 -7 -7 -7 -7 -6 -6 -6 -5 -5 -5 -5 -5 -5 -4 -4 -4 -4 -4 -4 -3 -3 -2 -1 ------- Run | Yrd Mat Sub Mat Gar Mat Gar Mat Gar Fac Low Low Dat Pro Fac DSF Fac Was Fac Upp Upp War Pro Fac Ext Cet Arc Hub Res DSF Res Acc Traps Triggered 19 | . . 1 . . . 1 . 2 . . . . . . . 2 . 2 . . . . 2 3 . . . 1 . . 5 Indirectly 2 | . . . . . . . . . . . . . . . . . . . . . . . 2 . . . . . . . . Trap Hack Attempts . | . . . . . . . . . . . . . . . . . . . . . . . . . . . . . . . . Triggered . | . . . . . . . . . . . . . . . . . . . . . . . . . . . . . . . . Disarmed . | . . . . . . . . . . . . . . . . . . . . . . . . . . . . . . . . Reprogrammed . | . . . . . . . . . . . . . . . . . . . . . . . . . . . . . . . . Reused . | . . . . . . . . . . . . . . . . . . . . . . . . . . . . . . . . Traps Extracted . | . . . . . . . . . . . . . . . . . . . . . . . . . . . . . . . . Installed . | . . . . . . . . . . . . . . . . . . . . . . . . . . . . . . . . Triggered . | . . . . . . . . . . . . . . . . . . . . . . . . . . . . . . . . Machines | -11 -10 -10 -8 -8 -8 -8 -8 -8 -7 -7 -7 -7 -6 -6 -6 -5 -5 -5 -5 -5 -5 -4 -4 -4 -4 -4 -4 -3 -3 -2 -1 ---------- Run | Yrd Mat Sub Mat Gar Mat Gar Mat Gar Fac Low Low Dat Pro Fac DSF Fac Was Fac Upp Upp War Pro Fac Ext Cet Arc Hub Res DSF Res Acc Machines Disabled 79 | . . 1 2 9 2 14 3 6 . . . . . . 1 . . 5 1 . . . 3 2 . 1 20 . 1 . 8 Max in Single Turn 19 | . . 1 1 1 1 2 1 1 . . . . . . . . . 1 . . . . 2 1 . 1 19 . 1 . 1 Garrison Access 4 | . . . . . . . . . . . . . . . . . . 1 . . . . . . . . . . . 1 2 Garrison Relay 15 | . . . . 5 . 6 . 4 . . . . . . . . . . . . . . . . . . . . . . . Phase Generator 1 | . . . . . . 1 . . . . . . . . . . . . . . . . . . . . . . . . . Network Hub 1 | . . . . . . . . . . . . . . . . . . . . . . . . . . . 1 . . . . Energy Cycler 1 | . . . . . . . . . . . . . . . . . . . . . . . . . . . . . . . 1 Machines Repaired . | . . . . . . . . . . . . . . . . . . . . . . . . . . . . . . . . Machines Dismantled . | . . . . . . . . . . . . . . . . . . . . . . . . . . . . . . . . Machines Sabotaged . | . . . . . . . . . . . . . . . . . . . . . . . . . . . . . . . . Overloaded Fab Kills . | . . . . . . . . . . . . . . . . . . . . . . . . . . . . . . . . Hacking | -11 -10 -10 -8 -8 -8 -8 -8 -8 -7 -7 -7 -7 -6 -6 -6 -5 -5 -5 -5 -5 -5 -4 -4 -4 -4 -4 -4 -3 -3 -2 -1 --------- Run | Yrd Mat Sub Mat Gar Mat Gar Mat Gar Fac Low Low Dat Pro Fac DSF Fac Was Fac Upp Upp War Pro Fac Ext Cet Arc Hub Res DSF Res Acc Machines Accessed 81 | . 11 1 9 3 5 3 1 2 1 1 1 3 . 1 . 3 . 9 1 . 7 . 2 2 1 . 6 2 . 2 4 Terminals 45 | . 8 . 7 3 3 3 . 2 . . . . . 1 . 2 . 5 . . . . . 2 1 . 5 2 . . 1 Fabricators 4 | . . . . . . . . . . . . . . . . 1 . 2 . . . . 1 . . . . . . . . Repair Stations 2 | . 1 . . . 1 . . . . . . . . . . . . . . . . . . . . . . . . . . Recycling Units 3 | . 2 . . . . . . . . . . . . . . . . 1 . . . . . . . . . . . . . Scanalyzers 3 | . . . 1 . . . . . . . . . . . . . . . . . . . 1 . . . . . . . 1 Garrison Access 10 | . . . 1 . 1 . 1 . 1 . . . . . . . . 1 . . . . . . . . 1 . . 2 2 Total Hacks 186 | . 28 1 31 3 9 4 2 3 1 1 1 20 . 2 . 7 . 19 6 . 13 . 6 4 1 . 8 2 . 4 10 Successful 114 | . 16 1 19 3 3 3 1 2 . 1 1 20 . 1 . 4 . 11 6 . 13 . 3 1 1 . 1 1 . . 2 Failed 71 | . 12 . 11 . 6 1 1 1 1 . . . . 1 . 3 . 8 . . . . 3 3 . . 7 1 . 4 8 Catastrophic 16 | . 2 . 2 . . 1 . . . . . . . . . . . 1 . . . . . 1 . . 2 1 . 2 4 Database Lockouts 1 | . . . 1 . . . . . . . . . . . . . . . . . . . . . . . . . . . . Manual 74 | . 22 . 25 . 6 2 . . . . . . . . . 3 . 7 . . 1 . . . 1 . 6 1 . . . Terminals 101 | . 23 . 28 3 6 4 . 3 . . . . . 2 . 3 . 13 . . . . . 4 1 . 7 2 . . 2 Fabricators 11 | . . . . . . . . . . . . . . . . 4 . 4 . . . . 3 . . . . . . . . Repair Stations 4 | . 2 . . . 2 . . . . . . . . . . . . . . . . . . . . . . . . . . Recycling Units 4 | . 3 . . . . . . . . . . . . . . . . 1 . . . . . . . . . . . . . Scanalyzers 8 | . . . 2 . . . . . . . . . . . . . . . . . . . 3 . . . . . . . 3 Garrison Access 16 | . . . 1 . 1 . 2 . 1 . . . . . . . . 1 . . . . . . . . 1 . . 4 5 Terminal Hacks 67 | . 6 1 4 3 . 2 . 2 . 1 1 20 . 1 . . . 3 6 . 13 . . 1 1 . . 1 . . 1 Record 19 | . . . . . . . . . . . . 2 . . . . . . 6 . 11 . . . . . . . . . . Part Schematic 8 | . . . . . . . . . . . . 8 . . . . . . . . . . . . . . . . . . . Robot Schematic 7 | . . . . . . . . . . . . 7 . . . . . . . . . . . . . . . . . . . Prototype ID Bank 7 | . 4 . . . . . . . . . . 3 . . . . . . . . . . . . . . . . . . . Open Door 6 | . . . . 1 . . . . . 1 1 . . . . . . . . . 2 . . . 1 . . . . . . Open DSF 2 | . . . . . . . . . . . . . . 1 . . . . . . . . . . . . . 1 . . . Branch Access Points 1 | . . . . . . . . . . . . . . . . . . . . . . . . . . . . . . . 1 Emergency Access Points 2 | . . . . 1 . . . 1 . . . . . . . . . . . . . . . . . . . . . . . Terminal Index 2 | . 1 . 1 . . . . . . . . . . . . . . . . . . . . . . . . . . . . Unreport Threat 3 | . . . 1 . . . . . . . . . . . . . . 1 . . . . . 1 . . . . . . . Locate Traps 3 | . 1 . 2 . . . . . . . . . . . . . . . . . . . . . . . . . . . . Registered Components 1 | . . . . . . . . . . . . . . . . . . 1 . . . . . . . . . . . . . Zone Layout 1 | . . . . . . . . . . . . . . . . . . 1 . . . . . . . . . . . . . Garrison Registry 2 | . . . . 1 . 1 . . . . . . . . . . . . . . . . . . . . . . . . . Security Stations 2 | . . . . . . 1 . 1 . . . . . . . . . . . . . . . . . . . . . . . Proto ID Catalog 1 | . . 1 . . . . . . . . . . . . . . . . . . . . . . . . . . . . . Fabricator Hacks 9 | . . . . . . . . . . . . . . . . 4 . 4 . . . . 1 . . . . . . . . Load Schematic 4 | . . . . . . . . . . . . . . . . 2 . 2 . . . . . . . . . . . . . Build 5 | . . . . . . . . . . . . . . . . 2 . 2 . . . . 1 . . . . . . . . Repair Station Hacks 1 | . . . . . 1 . . . . . . . . . . . . . . . . . . . . . . . . . . Scan Component 1 | . . . . . 1 . . . . . . . . . . . . . . . . . . . . . . . . . . Recycling Unit Hacks 1 | . . . . . . . . . . . . . . . . . . 1 . . . . . . . . . . . . . Retrieve Components 1 | . . . . . . . . . . . . . . . . . . 1 . . . . . . . . . . . . . Scanalyzer 3 | . . . 1 . . . . . . . . . . . . . . . . . . . 2 . . . . . . . . Retrieve Study 3 | . . . 1 . . . . . . . . . . . . . . . . . . . 2 . . . . . . . . Garrison Access Hacks 5 | . . . 1 . 1 . 1 . . . . . . . . . . 1 . . . . . . . . . . . . 1 Unlock Access 3 | . . . 1 . 1 . 1 . . . . . . . . . . . . . . . . . . . . . . . . Seal Access 2 | . . . . . . . . . . . . . . . . . . 1 . . . . . . . . . . . . 1 Unauthorized Hacks 28 | . 10 . 13 . 1 1 . . . . . . . . . . . 2 . . . . . . . . 1 . . . . Terminals 27 | . 9 . 13 . 1 1 . . . . . . . . . . . 2 . . . . . . . . 1 . . . . Assimilate 3 | . . . 3 . . . . . . . . . . . . . . . . . . . . . . . . . . . . Botnet 10 | . 3 . 4 . . 1 . . . . . . . . . . . 1 . . . . . . . . 1 . . . . Operators 3 | . 1 . 1 . . . . . . . . . . . . . . 1 . . . . . . . . . . . . . Skim 11 | . 5 . 5 . 1 . . . . . . . . . . . . . . . . . . . . . . . . . . Fabricators . | . . . . . . . . . . . . . . . . . . . . . . . . . . . . . . . . Repair Stations . | . . . . . . . . . . . . . . . . . . . . . . . . . . . . . . . . Recycling Units 1 | . 1 . . . . . . . . . . . . . . . . . . . . . . . . . . . . . . Tunnel 1 | . 1 . . . . . . . . . . . . . . . . . . . . . . . . . . . . . . Scanalyzers . | . . . . . . . . . . . . . . . . . . . . . . . . . . . . . . . . Garrison Access . | . . . . . . . . . . . . . . . . . . . . . . . . . . . . . . . . Data Cores Recovered 2 | . . . . . 1 . . . . . . . . . . . . 1 . . . . . . . . . . . . . Used 2 | . . . . . 1 . . . . . . . . . . . . 1 . . . . . . . . . . . . . Hacking Detections 50 | . 9 . 8 2 4 2 1 1 1 . . . . 1 . 2 . 5 . . . . 1 2 . . 6 . . 2 3 Full Trace Events 2 | . . . 1 . . . . . . . . . . . . . . . . . . . . . . . . . . . 1 Feedback Events . | . . . . . . . . . . . . . . . . . . . . . . . . . . . . . . . . Feedback Blocked . | . . . . . . . . . . . . . . . . . . . . . . . . . . . . . . . . Robot Schematics Acquired 7 | . . . . . . . . . . . . 7 . . . . . . . . . . . . . . . . . . . Robots Built 6 | . . . . . . . . . . . . . . . . 2 . 4 . . . . . . . . . . . . . Authchips 3 | . . . . . . . . . . . . . . . . 1 . 2 . . . . . . . . . . . . . Time 228 | . . . . . . . . . . . . . . . . 76 . 152 . . . . . . . . . . . . . Total Robot Build Rating 30 | . . . . . . . . . . . . . . . . 10 . 20 . . . . . . . . . . . . . Part Schematics Acquired 8 | . . . . . . . . . . . . 8 . . . . . . . . . . . . . . . . . . . Parts Built 4 | . . . . . . . . . . . . . . . . 2 . . . . . . 2 . . . . . . . . Authchips 1 | . . . . . . . . . . . . . . . . 1 . . . . . . . . . . . . . . . Time 192 | . . . . . . . . . . . . . . . . 53 . . . . . . 139 . . . . . . . . Total Part Build Rating 30 | . . . . . . . . . . . . . . . . 12 . . . . . . 18 . . . . . . . . Part Studies Acquired 3 | . . . 1 . . . . . . . . . . . . . . . . . . . 2 . . . . . . . . Parts Repaired . | . . . . . . . . . . . . . . . . . . . . . . . . . . . . . . . . Time . | . . . . . . . . . . . . . . . . . . . . . . . . . . . . . . . . Parts Recycled . | . . . . . . . . . . . . . . . . . . . . . . . . . . . . . . . . Recycled Matter . | . . . . . . . . . . . . . . . . . . . . . . . . . . . . . . . . Retrieved Matter . | . . . . . . . . . . . . . . . . . . . . . . . . . . . . . . . . Retrieved Components . | . . . . . . . . . . . . . . . . . . . . . . . . . . . . . . . . Parts Scanalyzed . | . . . . . . . . . . . . . . . . . . . . . . . . . . . . . . . . Part Schematics Acquired . | . . . . . . . . . . . . . . . . . . . . . . . . . . . . . . . . Parts Damaged . | . . . . . . . . . . . . . . . . . . . . . . . . . . . . . . . . Bothacking | -11 -10 -10 -8 -8 -8 -8 -8 -8 -7 -7 -7 -7 -6 -6 -6 -5 -5 -5 -5 -5 -5 -4 -4 -4 -4 -4 -4 -3 -3 -2 -1 ------------ Run | Yrd Mat Sub Mat Gar Mat Gar Mat Gar Fac Low Low Dat Pro Fac DSF Fac Was Fac Upp Upp War Pro Fac Ext Cet Arc Hub Res DSF Res Acc Used RIF Installer . | . . . . . . . . . . . . . . . . . . . . . . . . . . . . . . . . Robots Hacked 1 | . . . 1 . . . . . . . . . . . . . . . . . . . . . . . . . . . . Non-combat 1 | . . . 1 . . . . . . . . . . . . . . . . . . . . . . . . . . . . Combat . | . . . . . . . . . . . . . . . . . . . . . . . . . . . . . . . . Robot Hacks Applied 1 | . . . 1 . . . . . . . . . . . . . . . . . . . . . . . . . . . . check_alert 1 | . . . 1 . . . . . . . . . . . . . . . . . . . . . . . . . . . . Relay Couplers Released 65 | . . . . 20 . 24 . 14 . . . . . . . . . . . . . . . . . . . . . 1 6 Machine Destruction 58 | . . . . 20 . 21 . 14 . . . . . . . . . . . . . . . . . . . . . 1 2 Programmers 7 | . . . . . . 3 . . . . . . . . . . . . . . . . . . . . . . . . 4 Fabnet Peak Effective % . | . . . . . . . . . . . . . . . . . . . . . . . . . . . . . . . . Robots Rewired 19 | . . . . 3 . . . . . . . . . . . . . . . . . . . 16 . . . . . . . Allies Hacked 9 | . . . . . . . . 6 . . 2 . . . . 1 . . . . . . . . . . . . . . . Hacks Repelled 1 | . . . . . . 1 . . . . . . . . . . . . . . . . . . . . . . . . . Allies | -11 -10 -10 -8 -8 -8 -8 -8 -8 -7 -7 -7 -7 -6 -6 -6 -5 -5 -5 -5 -5 -5 -4 -4 -4 -4 -4 -4 -3 -3 -2 -1 -------- Run | Yrd Mat Sub Mat Gar Mat Gar Mat Gar Fac Low Low Dat Pro Fac DSF Fac Was Fac Upp Upp War Pro Fac Ext Cet Arc Hub Res DSF Res Acc Total Allies 47 | . . . 1 3 . . . . . 2 . . . . . 2 . 7 . . . . . 27 5 . . . . . . Largest Group 16 | . . . 1 4 2 2 1 1 . 2 . . . . . 2 . 2 2 . . . . 14 16 15 13 6 5 . . Highest-Rated Group 1020 | . . . 10 86 30 30 20 20 . 62 . . . . . 82 . 102 82 . . . . 608 1020 982 777 407 325 . . Highest-Rated Ally 159 | . . . 10 31 20 20 20 20 . 31 . . . . . 41 . 59 41 . . . . 159 159 159 96 96 96 . . Initial Warlord ECA Mod 42 | . . . . . 9 9 20 20 27 27 27 27 26 26 26 35 35 35 35 35 35 34 34 34 34 34 34 33 33 42 41 Total Orders 59 | . . . 10 12 . 10 . . . 4 5 2 1 . 2 11 . 2 . . . . . . . . . . . . . STAY 23 | . . . 4 6 . 5 . . . 1 1 1 . . 1 3 . 1 . . . . . . . . . . . . . ROAM 1 | . . . . . . . . . . . . . . . . 1 . . . . . . . . . . . . . . . FOLLOW 20 | . . . 2 6 . 5 . . . 1 1 1 . . 1 2 . 1 . . . . . . . . . . . . . DROP 4 | . . . 4 . . . . . . . . . . . . . . . . . . . . . . . . . . . . EXPLORE 9 | . . . . . . . . . . 2 3 . . . . 4 . . . . . . . . . . . . . . . RETURN 2 | . . . . . . . . . . . . . 1 . . 1 . . . . . . . . . . . . . . . Ally Attacks 1125 | . . . 160 62 10 144 13 189 . 17 33 . 17 . 32 50 65 99 10 . . . . 120 15 28 49 . 12 . . Total Damage 29706 | . . . 2669 1648 304 3499 391 4470 . 455 1027 . 666 . 1129 1530 2669 2878 542 . . . . 2674 379 839 1685 . 252 . . Kills 222 | . . . 38 16 5 30 3 38 . 8 7 . 4 . 9 9 5 24 . . . . . 14 2 4 5 . 1 . . Allies Corrupted 3 | . . . . . . . . . . . . . . . . . . 2 . . . . . . . . . 1 . . . Allies Melted 3 | . . . . 1 . . . . . . . . . . . . . . . . . . . 1 . . . . . 1 . Borg Created 33 | . . . 10 6 . 2 . 2 . 4 1 . . . 2 2 . 4 . . . . . . . . . . . . . Largest Collective 6 | . . . 5 5 . 6 . 6 . 6 6 . . . 6 6 . 2 . . . . . . . . . . . . . Intel | -11 -10 -10 -8 -8 -8 -8 -8 -8 -7 -7 -7 -7 -6 -6 -6 -5 -5 -5 -5 -5 -5 -4 -4 -4 -4 -4 -4 -3 -3 -2 -1 ------- Run | Yrd Mat Sub Mat Gar Mat Gar Mat Gar Fac Low Low Dat Pro Fac DSF Fac Was Fac Upp Upp War Pro Fac Ext Cet Arc Hub Res DSF Res Acc Active Infowar (turns) 15983 | 79 1708 585 1186 . . . . . 69 . . . . . . 27 . 1841 1656 1021 972 597 589 482 . . 286 . . 1547 3338 Optics 2 | . . . . . . . . . . . . . . . . . . . . . 2 . . . . . . . . . . Sensors 7996 | . . . . . . . . . . . . . . . . . . 323 1656 1021 972 597 588 481 . . 283 . . . 2075 Terrain 8807 | . 1113 . . . . . . . 69 . . . . . . 27 . 1193 949 1021 849 . 576 94 . . 119 . . 1539 1258 Seismic 2511 | 79 595 585 1186 . . . . . . . . . . . . . . . . . . . . 1 . . . . . . 65 Cloaking 5439 | . . . . . . . . . . . . . . . . . . 618 . . 2 . 588 1 . . . . . 1546 2684 Jamming 3323 | . . . . . . . . . . . . . . . . . . 330 . . . . . . . . 2 . . . 2991 Robot Analysis Total . | . . . . . . . . . . . . . . . . . . . . . . . . . . . . . . . . Derelict Logs Recovered 10 | . . 1 . . . . . . . 2 2 . 1 . . . . . 1 2 . 1 . . . . . . . . . Drone Launches 7 | . . . . . . . . . . 2 2 . . . . 3 . . . . . . . . . . . . . . . Drone Recoveries 6 | . . . . . . . . . . 2 1 . 1 . . 2 . . . . . . . . . . . . . . . Exploration | -11 -10 -10 -8 -8 -8 -8 -8 -8 -7 -7 -7 -7 -6 -6 -6 -5 -5 -5 -5 -5 -5 -4 -4 -4 -4 -4 -4 -3 -3 -2 -1 ------------- Run | Yrd Mat Sub Mat Gar Mat Gar Mat Gar Fac Low Low Dat Pro Fac DSF Fac Was Fac Upp Upp War Pro Fac Ext Cet Arc Hub Res DSF Res Acc Turns Passed 30310 | 240 1975 585 3121 1267 230 1125 57 1440 143 1249 861 90 625 23 344 746 224 2270 1656 1021 972 597 671 2266 472 179 510 175 288 1550 3338 Spaces Moved 16571 | 109 903 332 1573 649 147 604 26 810 90 875 619 76 441 13 225 384 108 1329 1097 695 631 356 426 941 145 75 233 93 99 1017 1450 Core 4 | 4 . . . . . . . . . . . . . . . . . . . . . . . . . . . . . . . Treads 2399 | 105 903 179 . . . . . . . . . . . . . . . . . . . . . . 4 . . . . . 1208 Legs 1318 | . . . . . . . . . . . . . . . . . . . . . . . . . . . . . 59 1017 242 Wheels 12850 | . . 153 1573 649 147 604 26 810 90 875 619 76 441 13 225 384 108 1329 1097 695 631 356 426 941 141 75 233 93 40 . . Hover . | . . . . . . . . . . . . . . . . . . . . . . . . . . . . . . . . Flight . | . . . . . . . . . . . . . . . . . . . . . . . . . . . . . . . . Fastest Speed 50 | 50 160 120 140 140 140 140 140 140 135 120 120 120 135 116 116 130 145 115 130 130 130 122 115 122 170 190 170 190 140 140 140 Average Speed 142 | 155 160 153 146 140 140 140 140 147 137 120 121 120 135 116 124 142 145 132 130 134 132 130 120 165 187 190 177 190 157 140 156 Slowest Speed 320 | 160 160 160 150 140 140 140 140 155 155 135 135 120 135 116 160 145 145 145 130 175 145 245 310 270 270 190 190 190 280 140 320 Overloaded Moves . | . . . . . . . . . . . . . . . . . . . . . . . . . . . . . . . . Propulsion Burnouts . | . . . . . . . . . . . . . . . . . . . . . . . . . . . . . . . . Robots Hopped . | . . . . . . . . . . . . . . . . . . . . . . . . . . . . . . . . Potential Cave-ins 34 | . . . . . . . . 1 . . . . . . . . . 2 13 2 . 3 . . . . . . . . 13 Cave-ins Triggered 2 | . . . . . . . . 1 . . . . . . . . . . 1 . . . . . . . . . . . . Exploration Rate (%) 55 | 8 98 29 90 80 20 81 8 86 3 98 98 69 77 1 98 17 79 33 88 84 72 51 12 83 57 72 22 5 83 37 42 Regions Visited 31 Branch Regions 13 Pre-discovered Areas 11 | . 3 . 3 . . . . . . 1 . 1 1 . . . . . . 2 . . . . . . . . . . . Known Exits Taken 22 | . . 1 1 . 1 . 1 . 1 1 1 1 1 1 . . . 1 1 1 1 1 1 1 1 1 1 1 . 1 . Unknown Exits Taken 2 | 1 1 . . . . . . . . . . . . . . . . . . . . . . . . . . . . . . Scrap Searched 20 | . . 6 . . . . . . . 3 3 . 1 . . . . . 3 3 . 1 . . . . . . . . . Spaces Dug 360 | . 14 . 35 15 4 6 . . 1 5 4 . . . 2 2 . 15 24 5 3 8 11 2 . . 154 . . 6 44 Terrain Destroyed 1102 | . 20 . 37 75 5 107 . 7 1 5 6 . 25 . 2 2 29 65 42 15 9 115 55 143 . 3 161 . 5 16 152 Melee 103 | . . . 25 5 . 6 . . 1 5 2 . . . 2 2 . 11 13 5 3 8 11 2 . . 2 . . . . Projectile 297 | . 20 . 12 . 5 . . . . . 4 . . . . . . 31 25 10 3 1 3 21 . 3 13 . 5 16 125 AOE 696 | . . . . 70 . 101 . 7 . . . . 25 . . . 29 23 4 . . 106 40 119 . . 146 . . . 26 Terrain Rammed . | . . . . . . . . . . . . . . . . . . . . . . . . . . . . . . . . Walls Destroyed . | . . . . . . . . . . . . . . . . . . . . . . . . . . . . . . . . Machines Disabled . | . . . . . . . . . . . . . . . . . . . . . . . . . . . . . . . . Actions | -11 -10 -10 -8 -8 -8 -8 -8 -8 -7 -7 -7 -7 -6 -6 -6 -5 -5 -5 -5 -5 -5 -4 -4 -4 -4 -4 -4 -3 -3 -2 -1 --------- Run | Yrd Mat Sub Mat Gar Mat Gar Mat Gar Fac Low Low Dat Pro Fac DSF Fac Was Fac Upp Upp War Pro Fac Ext Cet Arc Hub Res DSF Res Acc Total 21544 | 148 1196 375 2239 888 164 776 42 1004 108 1039 713 75 466 20 281 549 170 1671 1272 742 730 470 538 1549 335 109 298 92 171 1122 2192 Wait 2950 | 16 144 12 534 87 5 67 11 125 5 143 70 . 21 4 32 126 53 118 111 12 13 92 39 370 149 28 43 . 26 25 469 Move 16542 | 108 902 331 1573 648 147 603 26 808 89 874 618 75 440 13 224 384 107 1328 1095 694 630 355 425 940 144 74 232 92 98 1016 1449 Hop . | . . . . . . . . . . . . . . . . . . . . . . . . . . . . . . . . Pick Up 192 | 3 15 6 20 9 2 3 . 8 4 2 3 . . . 8 6 . 31 2 1 14 . 11 6 5 1 2 . 4 6 20 Fast Attach 169 | 7 2 . 3 2 . . . 1 1 . . . . . 2 2 3 31 5 3 18 5 10 20 9 2 . . 6 23 14 Attach 69 | . 2 3 2 . 1 2 . 2 2 1 . . . 2 . 3 . 16 3 . 1 1 6 2 3 . 1 . 3 4 9 Detach 9 | . 1 . 1 . . . . . 1 . . . . . . . . 2 1 . 1 1 . 1 . . . . . . . Swap 201 | . 15 5 8 14 1 15 2 11 2 2 9 . 1 1 5 4 1 23 6 5 5 . 5 8 4 1 5 . 2 6 35 Drop 266 | . 7 6 16 11 1 4 . 9 3 2 4 . . . 6 4 2 35 7 3 30 2 15 18 16 2 1 . 10 27 25 Fire 645 | 14 108 12 19 21 7 37 3 23 . . 4 . 4 . . . 4 55 26 14 15 5 13 39 5 1 8 . 22 15 171 Melee 274 | . . . 52 48 . 35 . 12 1 11 3 . . . 2 18 . 27 15 10 3 9 14 8 . . 6 . . . . Ram . | . . . . . . . . . . . . . . . . . . . . . . . . . . . . . . . . Kick . | . . . . . . . . . . . . . . . . . . . . . . . . . . . . . . . . Crush . | . . . . . . . . . . . . . . . . . . . . . . . . . . . . . . . . Escape Stasis 34 | . . . . . . 8 . 1 . . . . . . . . . . 1 . . . . 24 . . . . . . . Rewire 157 | . . . 1 42 . . . . . . . . . . . . . 1 . . . . . 113 . . . . . . . Trap . | . . . . . . . . . . . . . . . . . . . . . . . . . . . . . . . . Miscellaneous 36 | . . . 10 6 . 2 . 4 . 4 2 . . . 2 2 . 4 . . . . . . . . . . . . . Route ------- -11/Scrapyard -10/Materials (discovered 6 exits: *Mat x3 / [*Min x2] / *Sub) -10/Subcaves (discovered 2 exits: *Mat / Rec) -8/Materials (discovered 4 exits: *Fac x3 / Gar) -8/Garrison (discovered 3 exits: *Mat x3) -8/Materials -8/Garrison (discovered 3 exits: *Mat x3) -8/Materials -8/Garrison (discovered 3 exits: *Fac x3) -7/Factory -7/Lower Caves -7/Lower Caves (discovered 2 exits: *Fac / *Dat) -7/Data Miner -6/Proximity Caves -6/Factory -6/DSF -5/Factory -5/Waste -5/Factory (discovered 4 exits: *Fac x3 / *Upp) -5/Upper Caves -5/Upper Caves (discovered 2 exits: *Fac / *War) -5/Warlord -4/Proximity Caves -4/Factory (discovered 2 exits: *Ext x2) -4/Extension (discovered 2 exits: *Res / *Cet) -4/Cetus -4/Archives (discovered 2 exits: *Res / *Hub) -4/Hub_04(d) (discovered 2 exits: *Res x2) -3/Research (discovered 2 exits: Qua / DSF) -3/DSF -2/Research (discovered 3 exits: *Acc x3) -1/Access (discovered 2 exits: *Sur / Com) To Epsilon Eridani History --------- Turn | Location | Event 3 | -11/Scrapyard | Discovered new exit (range 15) 241 | -11/Scrapyard | Entered Materials 318 | -10/Materials | Build established: Mutant 610 | -10/Materials | Discovered new exit (range 8) 821 | -10/Materials | Discovered new exit (range 16) 1188 | -10/Materials | Discovered new exit (range 16) 1322 | -10/Materials | Learned 4 Subcaves zone layouts 1362 | -10/Materials | Identified exit to Materials 1410 | -10/Materials | Learned location of 1 exit from Storage 1420 | -10/Materials | Learned 4 Subcaves zone layouts 1473 | -10/Materials | Learned location of Mines (-8) 1550 | -10/Materials | Discovered new exit (range 16) 2079 | -10/Materials | Build established: Scavenger-Mutant 2200 | -10/Materials | Discovered new exit (range 11) 2216 | -10/Materials | Entered Subcaves 2217 | -10/Subcaves | Identified exit to Materials 2218 | -10/Subcaves | Identified exit to Recycling 2244 | -10/Subcaves | Learned Materials non-interactive machine intel 2528 | -10/Subcaves | Visited 4L-MR0's lab 2545 | -10/Subcaves | Found Prototype Special Melee Weapon 2553 | -10/Subcaves | Found Tower Shield 2801 | -10/Subcaves | Entered Materials 2801 | -8/Materials | Evolved 4 slots: Weapon x4 2802 | -8/Materials | Loaded intel: 47 non-interactive machine locations 2802 | -8/Materials | Identified 1B-0RG's Assimilator 2842 | -8/Materials | Build established: Mutant 2957 | -8/Materials | Assimilating Defender 3a into Collective. 2972 | -8/Materials | Assimilating Transporter 3a into Collective. 3213 | -8/Materials | Assimilating Transporter 3b into Collective. 3266 | -8/Materials | Assimilating Informer 3a into Collective. 3538 | -8/Materials | Assimilating Informer 3b into Collective. 3620 | -8/Materials | Assimilating Transporter 3c into Collective. 4006 | -8/Materials | Assimilating Transporter 3d into Collective. 4302 | -8/Materials | Garrison activated, responded to threat 4307 | -8/Materials | Assimilating Rogue 3a into Collective. 4400 | -8/Materials | Assimilating Trooper 3a into Collective. 4946 | -8/Materials | Central database locked down 5095 | -8/Materials | Garrison activated, responded to threat 5325 | -8/Materials | Discovered new exit (range 5) 5629 | -8/Materials | Assimilating Commando 3a into Collective. 5639 | -8/Materials | Identified exit to Factory 5771 | -8/Materials | Learned location of 1 exit from Recycling 5794 | -8/Materials | Learned Factory emergency access door positions 5808 | -8/Materials | Learned location of 1 exit from Storage 5922 | -8/Materials | Identified exit to Garrison 5922 | -8/Materials | Entered Garrison 5922 | -8/Garrison | Accompanied by 4 allies 5984 | -8/Garrison | Triggered checkpoint 5984 | -8/Garrison | Discovered new exit (range 57) 5984 | -8/Garrison | Discovered new exit (range 91) 5984 | -8/Garrison | Discovered new exit (range 51) 6055 | -8/Garrison | Garrison Relay disabled 6068 | -8/Garrison | Assimilating Hacker 3a into Collective. 6078 | -8/Garrison | Assimilating Hacker 3b into Collective. 6091 | -8/Garrison | Assimilating Hacker 3c into Collective. 6306 | -8/Garrison | Assimilating JB-XBY(g) into Collective. 6389 | -8/Garrison | Triggered checkpoint 6406 | -8/Garrison | Triggered checkpoint 6431 | -8/Garrison | Triggered checkpoint 6446 | -8/Garrison | Triggered checkpoint 6450 | -8/Garrison | Destroyed 8 combat bots 6518 | -8/Garrison | Triggered checkpoint 6591 | -8/Garrison | Garrison Relay disabled 6727 | -8/Garrison | Assimilating Shotgunner 3a into Collective. 6823 | -8/Garrison | Triggered checkpoint 6845 | -8/Garrison | Garrison Relay disabled 7112 | -8/Garrison | Garrison Relay disabled 7163 | -8/Garrison | Assimilating JR-QS4(l) into Collective. 7189 | -8/Garrison | Entered Materials 7189 | -8/Materials | Accompanied by 7 allies 7414 | -8/Materials | Identified exit to Garrison 7419 | -8/Materials | Entered Garrison 7419 | -8/Garrison | Accompanied by 7 allies 7467 | -8/Garrison | Triggered checkpoint 7496 | -8/Garrison | Garrison Relay disabled 7518 | -8/Garrison | Discovered new exit (range 76) 7518 | -8/Garrison | Discovered new exit (range 32) 7518 | -8/Garrison | Discovered new exit (range 63) 7588 | -8/Garrison | Triggered checkpoint 7617 | -8/Garrison | Triggered checkpoint 7699 | -8/Garrison | Triggered checkpoint 7792 | -8/Garrison | Garrison Relay disabled 7822 | -8/Garrison | Garrison Relay disabled 7934 | -8/Garrison | Triggered checkpoint 8025 | -8/Garrison | Assimilating Commando 3b into Collective. 8081 | -8/Garrison | Learned Materials security intel 8085 | -8/Garrison | Triggered checkpoint 8120 | -8/Garrison | Garrison Relay disabled 8229 | -8/Garrison | Spotted B-75 Beast 8238 | -8/Garrison | Spotted B-75 Beast 8251 | -8/Garrison | Assimilating Beast 3a into Collective. 8254 | -8/Garrison | Allies destroyed B-75 Beast 8390 | -8/Garrison | Garrison Relay disabled 8429 | -8/Garrison | Triggered checkpoint 8481 | -8/Garrison | Triggered checkpoint 8535 | -8/Garrison | Phase Generator disabled 8544 | -8/Garrison | Entered Materials 8544 | -8/Materials | Accompanied by 7 allies 8561 | -8/Materials | Garrison activated, responded to threat 8595 | -8/Materials | Identified exit to Garrison 8601 | -8/Materials | Entered Garrison 8601 | -8/Garrison | Accompanied by 7 allies 8629 | -8/Garrison | Learned Factory security intel 8639 | -8/Garrison | Triggered checkpoint 8665 | -8/Garrison | Garrison Relay disabled 8812 | -8/Garrison | Triggered checkpoint 8832 | -8/Garrison | Assimilating Hacker 3d into Collective. 8861 | -8/Garrison | Triggered checkpoint 8871 | -8/Garrison | Triggered checkpoint 8979 | -8/Garrison | Discovered exit to Factory (range 15) 9003 | -8/Garrison | Spotted B-75 Beast 9003 | -8/Garrison | Spotted B-75 Beast 9027 | -8/Garrison | Crushed by falling debris 9028 | -8/Garrison | Core integrity fell below 50% 9029 | -8/Garrison | Allies destroyed B-75 Beast 9035 | -8/Garrison | Allies destroyed B-75 Beast 9405 | -8/Garrison | Triggered checkpoint 9457 | -8/Garrison | Garrison Relay disabled 9505 | -8/Garrison | Discovered exit to Factory (range 15) 9753 | -8/Garrison | Assimilating Marksman 3a into Collective. 9913 | -8/Garrison | Garrison Relay disabled 9979 | -8/Garrison | Triggered checkpoint 9996 | -8/Garrison | Garrison Relay disabled 10020 | -8/Garrison | Discovered exit to Factory (range 6) 10041 | -8/Garrison | Entered Factory 10041 | -7/Factory | Accompanied by 4 allies 10041 | -7/Factory | Evolved 2 slots: Propulsion x1, Utility x1 10108 | -7/Factory | Discovered new exit (range 18) 10133 | -7/Factory | Identified exit to Lower Caves 10184 | -7/Factory | Entered Lower Caves 10184 | -7/Lower Caves | Accompanied by 4 allies 10190 | -7/Lower Caves | Met a Warlord Commander 10191 | -7/Lower Caves | Learned location of Warlord (-5) 10192 | -7/Lower Caves | Warlord Commander delivered Encrypted Comm Array 10207 | -7/Lower Caves | Found Encrypted Comm Array 10229 | -7/Lower Caves | Identified exit to Lower Caves 10484 | -7/Lower Caves | Assimilating Virus 4a into Collective. 10699 | -7/Lower Caves | Entered an active Warlord outpost 10709 | -7/Lower Caves | A Commander dispatched an escort 10711 | -7/Lower Caves | Assimilating KQ-BVJ(g) into Collective. 10718 | -7/Lower Caves | Assimilating 9I-QUM(M) into Collective. 10944 | -7/Lower Caves | Assimilating D4-P4X(h) into Collective. 11433 | -7/Lower Caves | Entered another Lower Caves area 11433 | -7/Lower Caves | Accompanied by 8 allies 11434 | -7/Lower Caves | Commander's escort returned to base 11434 | -7/Lower Caves | Commander's escort returned to base 11719 | -7/Lower Caves | Spotted B-75 Beast 11736 | -7/Lower Caves | Allies destroyed B-75 Beast 11825 | -7/Lower Caves | Discovered new exit (range 59) 11873 | -7/Lower Caves | Encountered a Warlord checkpoint 11901 | -7/Lower Caves | Assimilating 9C-TTJ(M) into Collective. 11949 | -7/Lower Caves | Discovered new exit (range 7) 12104 | -7/Lower Caves | Learned Factory emergency access door positions 12244 | -7/Lower Caves | Learned Factory emergency access door positions 12272 | -7/Lower Caves | Identified exit to Data Miner 12294 | -7/Lower Caves | Entered Data Miner 12294 | -7/Data Miner | Accompanied by 7 allies 12294 | -7/Data Miner | Discovered new exit (range 6) 12317 | -7/Data Miner | Met Data Miner 12340 | -7/Data Miner | Learned location of Section 7 (-3) 12340 | -7/Data Miner | Acquired the access code to Warlord's prototype stash 12357 | -7/Data Miner | Received God Mode back door access code from Data Miner 12383 | -7/Data Miner | Identified exit to Proximity Caves 12384 | -7/Data Miner | Entered Proximity Caves 12384 | -6/Proximity Caves | Accompanied by 7 allies 12386 | -6/Proximity Caves | Attracted the attention of an 0b10 checkpoint 12814 | -6/Proximity Caves | Learned location of Zion (-6) 12965 | -6/Proximity Caves | Discovered new exit (range 5) 13003 | -6/Proximity Caves | Identified exit to Factory 13009 | -6/Proximity Caves | Entered Factory 13009 | -6/Factory | Accompanied by 5 allies 13009 | -6/Factory | Evolved 2 slots: Propulsion x1, Utility x1 13032 | -6/Factory | Identified exit to DSF 13032 | -6/Factory | Entered DSF 13032 | -6/DSF | Accompanied by 5 allies 13052 | -6/DSF | Additional patrols routed to DSF 13137 | -6/DSF | Assimilating Marksman 5a into Collective. 13278 | -6/DSF | Discovered new exit (range 18) 13300 | -6/DSF | Assimilating Chaingunner 5a into Collective. 13320 | -6/DSF | Identified exit to Factory 13341 | -6/DSF | Sterilization system engaged 13361 | -6/DSF | Ambient heat levels rising (+10) 13376 | -6/DSF | Ambient heat levels rising (+10) 13376 | -6/DSF | Entered Factory 13376 | -5/Factory | Accompanied by 6 allies 13376 | -5/Factory | Evolved 2 slots: Power x1, Utility x1 13458 | -5/Factory | Fabricated Imp. Plasma Cutter (x2) 13541 | -5/Factory | Fabricated H-66 Slayer (x2) 13596 | -5/Factory | Assimilating Slayer 6b into Collective. 13605 | -5/Factory | Assimilating Slayer 6a into Collective. 13923 | -5/Factory | Allied Derelicts emerged from ambush trap array 14000 | -5/Factory | Build established: Scavenger-Mutant 14120 | -5/Factory | Discovered new exit (range 4) 14122 | -5/Factory | Sucked down chute 14122 | -5/Factory | Entered Waste 14137 | -5/Waste | EMP discharged 14148 | -5/Waste | Spotted C-40 Crusher 14152 | -5/Waste | 4 allies followed down the chute 14154 | -5/Waste | Allies destroyed C-40 Crusher 14154 | -5/Waste | Spotted C-40 Crusher 14163 | -5/Waste | Allies destroyed C-40 Crusher 14202 | -5/Waste | Spotted C-40 Crusher 14202 | -5/Waste | Spotted C-40 Crusher 14216 | -5/Waste | Destroyed C-40 Crusher 14231 | -5/Waste | Allies destroyed C-40 Crusher 14237 | -5/Waste | EMP discharged 14237 | -5/Waste | System corruption reached 10% 14245 | -5/Waste | Spotted C-40 Crusher 14258 | -5/Waste | Allies destroyed C-40 Crusher 14282 | -5/Waste | Spotted C-40 Crusher 14302 | -5/Waste | Allies destroyed C-40 Crusher 14328 | -5/Waste | Discovered new exit (range 11) 14337 | -5/Waste | EMP discharged 14342 | -5/Waste | Identified exit to Factory 14346 | -5/Waste | Entered Factory 14346 | -5/Factory | Accompanied by 3 allies 14347 | -5/Factory | Build established: Mutant 14604 | -5/Factory | Discovered new exit (range 10) 14615 | -5/Factory | Identified exit to Factory 14655 | -5/Factory | Assimilating Soldier 6a into Collective. 14658 | -5/Factory | Assimilating Soldier 6b into Collective. 14661 | -5/Factory | Assimilating Fighter 6a into Collective. 14667 | -5/Factory | Assimilating Sage 6a into Collective. 14689 | -5/Factory | Lost 5 allies 14724 | -5/Factory | Build established: Scavenger-Mutant 14985 | -5/Factory | Discovered exit to Factory (range 7) 15097 | -5/Factory | Fabricated H-66 Slayer (x2) 15213 | -5/Factory | Spotted B-75 Beast 15253 | -5/Factory | Allies destroyed B-75 Beast 15526 | -5/Factory | Discovered exit to Factory (range 6) 15751 | -5/Factory | Core integrity fell below 50% 15780 | -5/Factory | Lost 7 parts (2n1u4w) 15791 | -5/Factory | Discovered new exit (range 15) 15811 | -5/Factory | Identified exit to Upper Caves 15904 | -5/Factory | Fabricated H-66 Slayer? 16375 | -5/Factory | Build established: Executioner 16616 | -5/Factory | Entered Upper Caves 16616 | -5/Upper Caves | Accompanied by 2 allies 16647 | -5/Upper Caves | Encountered a Warlord checkpoint 16701 | -5/Upper Caves | Build established: Assassin 16951 | -5/Upper Caves | Attacked by a delusional Derelict stockpiling parts 17228 | -5/Upper Caves | Build established: Executioner 17971 | -5/Upper Caves | Build established: Assassin 18167 | -5/Upper Caves | Crushed by falling debris 18193 | -5/Upper Caves | Learned location of 1 exit from Research 18193 | -5/Upper Caves | Learned Extension stockpile data 18233 | -5/Upper Caves | Learned 4 Factory zone layouts 18233 | -5/Upper Caves | Discovered new exit (range 10) 18264 | -5/Upper Caves | Identified exit to Upper Caves 18272 | -5/Upper Caves | Entered another Upper Caves area 18349 | -5/Upper Caves | Discovered exit to Factory (range 15) 19167 | -5/Upper Caves | Discovered new exit (range 6) 19291 | -5/Upper Caves | Identified exit to Warlord 19293 | -5/Upper Caves | Entered Warlord 19339 | -5/Warlord | System corruption cleaned by Quarantine Array 19637 | -5/Warlord | Visited the Vortex Lab 19639 | -5/Warlord | Warlord's base attacked by MAIN.C 19650 | -5/Warlord | Found Prototype Launcher 19650 | -5/Warlord | Identified Vortex Catalyst Activator 19662 | -5/Warlord | Found Prototype Energy Cannon 19663 | -5/Warlord | Identified Vortex Driver 19667 | -5/Warlord | Found Vortex Driver 19800 | -5/Warlord | Opened Warlord's prototype stash 19808 | -5/Warlord | Found Prototype Device 19808 | -5/Warlord | Identified Exp. Cloaking Device 19828 | -5/Warlord | Found Prototype Device 19828 | -5/Warlord | Identified Exp. Focal Shield 19840 | -5/Warlord | Found Prototype Hackware 19843 | -5/Warlord | Found Prototype Processor 19852 | -5/Warlord | Found Prototype Reactor 19893 | -5/Warlord | Learned Quarantine emergency access door positions 19894 | -5/Warlord | Learned 4 Armory zone layouts 19894 | -5/Warlord | Learned 4 Research zone layouts 19894 | -5/Warlord | Learned 4 Quarantine zone layouts 19894 | -5/Warlord | Learned 4 Command zone layouts 19895 | -5/Warlord | Learned Research security intel 19954 | -5/Warlord | Met Warlord 19972 | -5/Warlord | Found Prototype Special Weapon 19972 | -5/Warlord | Identified RU-N14's Throwing Claymores v3 19975 | -5/Warlord | Found RU-N14's Throwing Claymores v3 19989 | -5/Warlord | Warlord forces counterattacked 20070 | -5/Warlord | P-70 Sage assimilated allied 6U-MBV(g) 20072 | -5/Warlord | Spotted Executioner 20094 | -5/Warlord | Destroyed Executioner 20152 | -5/Warlord | Found Prototype Processor 20152 | -5/Warlord | Identified Exp. Core Analyzer 20159 | -5/Warlord | Found Prototype Processor 20159 | -5/Warlord | Identified Exp. Targeting Computer 20226 | -5/Warlord | Lost 24 allies 20235 | -5/Warlord | Discovered new exit (range 12) 20256 | -5/Warlord | Spotted Executioner 20263 | -5/Warlord | Identified exit to Proximity Caves 20265 | -5/Warlord | Entered Proximity Caves 20300 | -4/Proximity Caves | Lost 3 parts (1p1n1w) 20490 | -4/Proximity Caves | Found DCF Scrap (10 items) 20637 | -4/Proximity Caves | Build established: Scavenger-Mutant 20862 | -4/Proximity Caves | Entered Factory 20862 | -4/Factory | Evolved 2 slots: Utility x2 20863 | -4/Factory | Identified exit to Extension 21059 | -4/Factory | Fabricated Quantum Reactor? 21155 | -4/Factory | Build established: Scavenger-Assassin 21503 | -4/Factory | Lost 3 parts (3n) 21533 | -4/Factory | Entered Extension 21662 | -4/Extension | Rescued a captive Derelict 21718 | -4/Extension | Build established: Executioner 22026 | -4/Extension | Spotted B-86 Titan 22070 | -4/Extension | Rescued a captive Derelict 22118 | -4/Extension | Lost 8 parts (2p1n5w) 22327 | -4/Extension | Build established: Mutant 22393 | -4/Extension | Rescued a captive Derelict 22397 | -4/Extension | Rescued a captive Derelict 22482 | -4/Extension | Rescued a captive Derelict 22482 | -4/Extension | Rescued a captive Derelict 22516 | -4/Extension | Rescued a captive Derelict 22518 | -4/Extension | Rescued a captive Derelict 23084 | -4/Extension | Allies destroyed B-86 Titan 23095 | -4/Extension | Spotted B-86 Titan 23141 | -4/Extension | Lost 3 allies 23284 | -4/Extension | Lost 11 allies 23331 | -4/Extension | Rescued a captive Derelict 23357 | -4/Extension | Build established: Scavenger-Gunner 23492 | -4/Extension | Rescued a captive Derelict 23575 | -4/Extension | Rescued A7 23702 | -4/Extension | Build established: Scavenger-Executioner 23736 | -4/Extension | Discovered new exit (range 10) 23737 | -4/Extension | Discovered new exit (range 6) 23749 | -4/Extension | Identified exit to Cetus 23799 | -4/Extension | Entered Cetus 23799 | -4/Cetus | Accompanied by 11 allies (A7) 23804 | -4/Cetus | Acquired a Cetus Manufacturing Module code from A7 23822 | -4/Cetus | Destroyed Cetus Guard 23824 | -4/Cetus | Spotted Cetus Guard 23824 | -4/Cetus | Spotted Cetus Guard 23825 | -4/Cetus | Spotted Cetus Guard 23829 | -4/Cetus | Allies destroyed Cetus Guard 23833 | -4/Cetus | Destroyed Cetus Guard 23836 | -4/Cetus | Destroyed Cetus Guard 24028 | -4/Cetus | Escorted A7 to Cetus Mainframe 24048 | -4/Cetus | Started Cetus Manufacturing Module 24071 | -4/Cetus | Discovered new exit (range 16) 24073 | -4/Cetus | Manufactured an Enhanced Grunt 24098 | -4/Cetus | Manufactured an Enhanced Grunt 24098 | -4/Cetus | Identified exit to Archives 24123 | -4/Cetus | Manufactured an Enhanced Grunt 24148 | -4/Cetus | Manufactured an Enhanced Grunt 24173 | -4/Cetus | Manufactured an Enhanced Grunt 24271 | -4/Cetus | Entered Archives 24271 | -4/Archives | Accompanied by 16 allies (A7) 24276 | -4/Archives | Received a hacking code to weaken MAIN.C 24348 | -4/Archives | Discovered new exit (range 14) 24373 | -4/Archives | Discovered new exit (range 14) 24431 | -4/Archives | Identified exit to Hub_04(d) 24450 | -4/Archives | Entered Hub_04(d) 24450 | -4/Hub_04(d) | Accompanied by 13 allies 24471 | -4/Hub_04(d) | Build established: Commander-Executioner 24637 | -4/Hub_04(d) | Discovered new exit (range 13) 24806 | -4/Hub_04(d) | Discovered new exit (range 15) 24878 | -4/Hub_04(d) | Identified exit to Research 24941 | -4/Hub_04(d) | Garrison activated, responded to threat 24954 | -4/Hub_04(d) | Network Hub disabled 24960 | -4/Hub_04(d) | Entered Research 24960 | -3/Research | Accompanied by 6 allies 24960 | -3/Research | Evolved 2 slots: Propulsion x2 24961 | -3/Research | Identified exit to Quarantine 25135 | -3/Research | Identified exit to DSF 25135 | -3/Research | Entered DSF 25135 | -3/DSF | Accompanied by 5 allies 25171 | -3/DSF | Additional patrols routed to DSF 25191 | -3/DSF | Build established: Scavenger-Executioner 25223 | -3/DSF | Lost 5 allies 25344 | -3/DSF | Sterilization system engaged 25364 | -3/DSF | Ambient heat levels rising (+10) 25379 | -3/DSF | Ambient heat levels rising (+10) 25394 | -3/DSF | Ambient heat levels rising (+10) 25401 | -3/DSF | Discovered new exit (range 14) 25409 | -3/DSF | Ambient heat levels rising (+10) 25421 | -3/DSF | Identified exit to Research 25423 | -3/DSF | Entered Research 25423 | -2/Research | Warlord forces began assault on 0b10 25423 | -2/Research | Evolved 2 slots: Utility x2 25448 | -2/Research | Distinguished unit "Bridgeowners Association" dispatched to help 25448 | -2/Research | Distinguished unit "Lobotomizers" dispatched to help 25533 | -2/Research | Research machine network offline 25707 | -2/Research | Spotted Executioner 25708 | -2/Research | Found Gamma Bomb Array 25715 | -2/Research | Spotted Striker 25726 | -2/Research | Identified Exp. Target Analyzer 25841 | -2/Research | Met up with Warlord 25971 | -2/Research | Borebot progress halted 25981 | -2/Research | Found Prototype Device 25981 | -2/Research | Identified Exp. Shock Absorption System 26207 | -2/Research | Borebot progress halted 26279 | -2/Research | Spotted Executioner 26279 | -2/Research | Spotted Executioner 26318 | -2/Research | Found Exp. Core Analyzer 26385 | -2/Research | Discovered new exit (range 14) 26402 | -2/Research | Identified exit to Access 26573 | -2/Research | Spotted Executioner 26580 | -2/Research | Spotted Executioner 26602 | -2/Research | Found Exp. Core Analyzer 26616 | -2/Research | Found Prototype Device 26616 | -2/Research | Identified Adv. Kinecellerator 26739 | -2/Research | Discovered exit to Access (range 8) 26874 | -2/Research | Spotted Striker 26926 | -2/Research | Given Cave Seal Controls access code 26938 | -2/Research | Found Prototype Processor 26938 | -2/Research | Identified Spectral Analyzer 26952 | -2/Research | Discovered exit to Access (range 16) 26973 | -2/Research | Entered Access 26973 | -1/Access | Evolved 2 slots: Utility x2 26974 | -1/Access | Attached Tower Shield, gained temporary slot: Power 27052 | -1/Access | Garrison activated, responded to threat 27110 | -1/Access | Identified Ghost Barrier 27111 | -1/Access | Watched by a mysterious "MATRIX" hacker. 27248 | -1/Access | Spotted B-99 Colossus 28520 | -1/Access | Destroyed 10 combat bots 28727 | -1/Access | Energy Cycler disabled 29008 | -1/Access | Identified exit to Command 29473 | -1/Access | First assault squad dispatched 29491 | -1/Access | Incoming assault squad redirected 29739 | -1/Access | Incoming assault squad redirected 30168 | -1/Access | High security lockdown imminent 30207 | -1/Access | Destroyed 9 combat bots 30248 | -1/Access | High security lockdown engaged 30303 | -1/Access | Discovered new exit (range 5) 30309 | -1/Access | Identified exit to Surface 30311 | *** | Escaped! Last Messages --------------- 30196_ Acquired 64 matter. 30201_ Acquired 70 matter. 30213_ K-01 Serf collects debris. 30218_ ALERT: Machine network offline. 30218_ K-01 Serf collects debris. 30225_ Slug penetrates Wall. 30225_ Slug penetrates W-44 Eye. 30225_ W-44 Eye destroyed. 30231_ Acquired 39 matter. 30233_ ALERT: Performing unscheduled system reset. 30248_ ALERT: Lockdown in effect, collecting threat data. 30264_ U-05 Engineer builds a Wall. 30268_ ALERT: Assault forces dispatched. 30269_ Acquired 103 matter. 30303_ The Access Shell folds into the floor. 30303_ EXIT=FOUND 30309_ EXIT=IDENTIFIED: SURFACE [Achievement: On My Own Terms] Map ----- +----------------------------------------------------+ | "" #???#??#????#??#?????#???????????????##### | | "" ###?##??##????#???????#?#????????????# ] | | """"" #??#???#??????#??????#???????????????# | | """" "##?#??#???#??#???????????????????????# | | "" ##??#?#???#?? ?#????##???????????????# " | | " ##?#??#????## ?#?????????????????????# "" | | ##????#?????? ???????????????????????# " | | ##??????###?# ???????????????????????# | | ! ##?????#????# #???????????#??????????# | | ###?##??????#!##?????????#?????####### | | #+###################################### ###+## | | ! = [ | | = | | #+################### ""######### = ##### | | ##??????????# ""#?????####+#####?# | | #????##????## ""#?????# ! #?# | | " #??#???#????# T#?????# #?# | | """ #???????????# ""#?????# #?# | | """ #??#?#??????# ""####??# #?# | | """" #???##??#??## ""##????# #?# | | """ #??#?#?????# #????# #?# | | " ##?????#???## ##????# ! ! #?# | | ##??????????# #?????# !! #?# | | #???????????# #?????# !! ### | | #?????#?????# #????############# | | #????????#??# @" #?????????????## # | | ############????#???# "" #??????????????#"" | | ????#?##?#??????????# ##?????????????## | | ???#?#?###??#???????# #?#?????????????# | | ??????????#????#???## #???????????????#! | | ?????##?????#???????#""""""""""#???????????????#= | | ??????#?????#???#?????????????????????????#######+ | | ??????????????????????????????????????????# * | | #????#??????????????????????????????????### | | ??????????#??????????????? ?????????????#"" | | ??????????##????????????????????????????#"" | | #?????#?????????????????????????????????#"" | | ????????????????????????????????????????#"Y | | ????????????????????????????????????????#"" | | ????????????????????????????????????????#"" | | ????????????????????????????????????????#"" | | ????????????????????????????????????????### | | ??????????????????????????????????????????# | | ??????????????????????????????????????????# | | ??????????????????????????????????????????#! | | ??????????????????????????????????????????#!=[ | | ????????????????????????????########??????# ! | | ????????????????????????????# ! ?????##!![! | | ????????????????????????????# ???##=####### | | ????????????????????????????# = ??##=##?????? | +----------------------------------------------------+ Best States ------------- Heat Dissipation 99 Energy Generation 45 Energy Capacity 1135 Matter Stores 500 Matter Capacity 500 Sight Range 23 Robot Scan Range 16 Terrain Scan Range 20 Terrain Scan Density 85 Jamming Range 16 Cloak Strength 4 Corruption Block 15 Armor Coverage 450 Resistance: TH 30 Core Shielding 30 Utility Shielding 66 Weapon Cycling 20 Evasion (%) 55 Targeting Accuracy 12 Target Analysis 10 Core Analysis 12 Recoil Reduction 6 Kinecelleration 50 Offensive Hacking 14 Defensive Hacking 20 Authchip Count 4 Item Schematics ----------------- Combat Drone Bay | -7/Data Miner | Free Lgt. Regenerative Plating | -7/Data Miner | Free Cld. Cesium-ion Thruster | -7/Data Miner | Free Gravity Neutralizer | -7/Data Miner | Free Com. Ion Cannon | -7/Data Miner | Free Thunder Leg | -7/Data Miner | Free Imp. Kinecellerator | -7/Data Miner | Free Imp. Plasma Cutter | -7/Data Miner | Free Robot Schematics ------------------ R-10 Processor | -7/Data Miner | Free M-22 Extractor | -7/Data Miner | Free M-28 Smith | -7/Data Miner | Free W-25 Informer | -7/Data Miner | Free H-66 Slayer | -7/Data Miner | Free L-41 Fighter | -7/Data Miner | Free E-15 Imp | -7/Data Miner | Free Fabricated ------------ Imp. Plasma Cutter | x2 | -5/Factory | Authchip H-66 Slayer | x2 | -5/Factory | Authchip H-66 Slayer | x2 | -5/Factory | Authchip H-66 Slayer | x2 | -5/Factory | Authchip Quantum Reactor | x2 | -4/Factory | Preloaded Repaired ---------- Nothing Studied --------- Arm. Wheel | -8/Materials | Hacked Arm. Huge Wheel | -4/Factory | Hacked Wheel | -4/Factory | Hacked Alien Tech Used ----------------- None Achievements -------------- On My Own Terms Challenges ------------ None Game ------ Seed SkeletonCoolantObfuscator Manual? 0 Play Time 04:50:35 Cumulative 418.5 hours Start 2026.02.19 @ 22:41:57 End 2026.02.20 @ 04:45:30 Sessions 5 Manual Loads 0 Difficulty Rogue Special Mode None Game No. 329 Rogue 329 Adventurer 0 Explorer 0 Win Type 0 Total 4 Types 3/0/0/0/0/0/0/1/0/0 Lore% 65 Gallery% 70 Achievement% 56 Wizard Run 0 Options --------- Layout 1 ASCII 0 Keyboard 0 Movement Mouse Keybinds 0 Fullscreen 1 Font 32/SmallcapsGlow Map View 50x35 Zoom Use 0% Tactical HUD 1 Map Filters NONE Filters NONE Steam 1 RUN: adbe629b-a2b8-4339-baa4-dd1ad3214982